 Dungeon Crawl Stone Soup version 0.20-a0-350-ga83eecc (webtiles) character file.

1261927 hoot the Annihilator (level 27, -3/291 HPs)
             Began as an Octopode Wizard on Dec 22, 2016.
             Was the Champion of Vehumet.
             Killed by divine providence
             ... invoked by a greater mummy
              (12 damage)
             ... on level 16 of a ziggurat on Dec 24, 2016.
             The game lasted 11:17:23 (125649 turns).

hoot the Annihilator (Octopode Wizard)            Turns: 125649, Time: 11:17:24

Health: -3/291     AC: 50    Str: 15    XL:     27
Magic:  82/82      EV: 37    Int: 58    God:    Vehumet [******]
Gold:   12933      SH: 17    Dex: 23    Spells: 0/80 levels left

rFire  + + +     SeeInvis +     S - +3 Elemental Staff {rElec rF++ rC++ MR++ AC+5}
rCold  + + +     Gourm    .     k - +3 warlock's mirror {reflect}
rNeg   + + .     Faith    .     E - +3 hat of Pondering {ponderous, MR+ MP+10 Int+5}
rPois  ∞         Spirit   .     v - amulet "Laha" {Reflect rPois Int+3 Dex+2 SH+3}
rElec  +         Reflect  +     m - ring "Puoh" {rF- rC- rN+ Str+9 Dex+8}
rCorr  .         Harm     .     X - ring "Dieluf" {MP+9 Int+5}
MR     +++++                    B - ring "Ececk" {+Inv +Fly rF+++ Str-5 Int+6}
Stlth  +++++++++.               a - ring of Democracy {rElec rF++ rC+ SInv Stlth-}
                                n - ring of Panentheism {+Inv rC+ Str+3 Int+3}
                                T - ring of the Octopus King {MP+9 AC+1 EV+1 Str+1 Int+1 Dex+1}
                                i - ring "Izihos" {rC+ Int+4 SInv}
                                J - +5 ring of protection

@: statue-form, very slightly contaminated, slowed, deflect missiles, very slow
A: almost no armour, stealthy swim, amphibious, 8 rings, constrict 8, fangs 1,
camouflage 1, mutation resistance 1, (gelatinous body 0)
}: 5/15 runes: decaying, slimy, silver, icy, gossamer
a: End Transformation, Renounce Religion, Evoke Invisibility, Evoke Flight


You were on level 16 of a ziggurat.
You worshipped Vehumet.
Vehumet was exalted by your worship.
You were completely stuffed.
You were a stone statue.
You visited 15 branches of the dungeon, and saw 66 of its levels.
You visited the Abyss 1 time.
You visited 3 ziggurats (completing 2), and saw 70 of their levels.
You also visited: Labyrinth, Ice Cave and Wizlab.

You collected 13357 gold pieces.
You spent 424 gold pieces at shops.

Inventory:

Hand Weapons
 r - the +9 heavy crossbow "Sniper" {velocity, nevermiss, SInv}
   (You found it on level 14 of a ziggurat)

   Any bolt fired from it inflicts extra damage.
   It lets you see invisible.
 S - the +3 Elemental Staff (weapon) {rElec rF++ rC++ MR++ AC+5}
   (You found it on level 7 of a ziggurat)

   It affects your AC (+5).
   It greatly protects you from fire.
   It greatly protects you from cold.
   It insulates you from electricity.
   It affects your resistance to hostile enchantments.
Armour
 k - the +3 warlock's mirror (worn) {reflect}
   (You found it on level 14 of a ziggurat)
 E - the +3 hat of Pondering (worn) {ponderous, MR+ MP+10 Int+5}
   (You bought it in a shop on level 2 of the Orcish Mines)

   It affects your intelligence (+5).
   It affects your resistance to hostile enchantments.
   It affects your magic capacity (+10).
Magical Staves
 b - an uncursed staff of energy
Rods
 H - a +9 rod of shadows (13/13)
   (You found it on level 14 of a ziggurat)
 R - a +5 iron rod (9/9)
   (You found it on level 17 of a ziggurat)
Jewellery
 a - the ring of Democracy (on tentacle) {rElec rF++ rC+ SInv Stlth-}
   (You found it on level 5 of the Vaults)

   [ring of protection from cold]

   It greatly protects you from fire.
   It protects you from cold.
   It insulates you from electricity.
   It lets you see invisible.
   It makes you less stealthy.
 i - the ring "Izihos" (on tentacle) {rC+ Int+4 SInv}
   (You found it on level 9 of a ziggurat)

   [ring of see invisible]

   It affects your intelligence (+4).
   It protects you from cold.
   It lets you see invisible.
 l - the amulet "Sasy" {Regen+ Str+5 Int+3 Slay-6 Stlth+}
   (You found it on level 17 of a ziggurat)

   [amulet of regeneration]

   It affects your strength (+5).
   It affects your intelligence (+3).
   It affects your accuracy and damage with ranged weapons and melee attacks
   (-6).
   It increases your rate of regeneration.
   It makes you more stealthy.
 m - the ring "Puoh" (left tentacle) {rF- rC- rN+ Str+9 Dex+8}
   (You found it on level 18 of a ziggurat)

   [ring of positive energy]

   It affects your strength (+9).
   It affects your dexterity (+8).
   It makes you vulnerable to fire.
   It makes you vulnerable to cold.
   It protects you from negative energy.
 n - the ring of Panentheism (on tentacle) {+Inv rC+ Str+3 Int+3}
   (You found it on level 14 of a ziggurat)

   [ring of intelligence]

   It affects your strength (+3).
   It affects your intelligence (+3).
   It protects you from cold.
   It lets you turn invisible.
 v - the amulet "Laha" (around mantle) {Reflect rPois Int+3 Dex+2 SH+3}
   (You found it on level 18 of a ziggurat)

   [amulet of reflection]

   It shields you and reflects attacks.
   It affects your intelligence (+3).
   It affects your dexterity (+2).
   It protects you from poison.
   It affects your SH (+3).
 y - the ring of Ovuohil {rCorr rElec rF+ rC+ Str-2 SInv}
   (You found it on level 26 of a ziggurat)

   [ring of resist corrosion]

   It affects your strength (-2).
   It protects you from fire.
   It protects you from cold.
   It insulates you from electricity.
   It lets you see invisible.
 B - the ring "Ececk" (on tentacle) {+Inv +Fly rF+++ Str-5 Int+6}
   (You found it on level 1 of the Spider Nest)

   [ring of intelligence]

   It affects your strength (-5).
   It affects your intelligence (+6).
   It renders you almost immune to fire.
   It lets you turn invisible.
   It lets you fly.
 G - the ring of Scepticism {MR+ Int+3}
   (You took it off a deep elf annihilator on level 3 of the Elven Halls)

   [ring of intelligence]

   It affects your intelligence (+3).
   It affects your resistance to hostile enchantments.
 I - the macabre finger necklace {rN+}
   (You found it on level 24 of a ziggurat)

   [amulet of nothing]

   It protects you from negative energy.
 J - a +5 ring of protection (on tentacle)
 N - the ring "Vuzxinte" {rCorr rElec rN+}
   (You found it on level 16 of a ziggurat)

   [ring of resist corrosion]

   It insulates you from electricity.
   It protects you from negative energy.
 T - a ring of the Octopus King (on tentacle) {MP+9 AC+1 EV+1 Str+1 Int+1 Dex+1}
   (You found it on level 5 of a ziggurat)

   [ring of magical power]

   It affects your AC (+1).
   It affects your evasion (+1).
   It affects your strength (+1).
   It affects your intelligence (+1).
   It affects your dexterity (+1).
   It affects your magic capacity (+9).
 V - the amulet of Xelod {RegenMP rF+ rC++ Str+5}
   (You found it on level 23 of a ziggurat)

   [amulet of magic regeneration]

   It increases your magic regeneration.
   It affects your strength (+5).
   It protects you from fire.
   It greatly protects you from cold.
 W - the ring of Riyqay {rC++ Int+3 Dex+2}
   (You found it on level 19 of a ziggurat)

   [ring of intelligence]

   It affects your intelligence (+3).
   It affects your dexterity (+2).
   It greatly protects you from cold.
 X - the ring "Dieluf" (right tentacle) {MP+9 Int+5}
   (You found it on level 22 of a ziggurat)

   [ring of magical power]

   It affects your intelligence (+5).
   It affects your magic capacity (+9).
Scrolls
 c - a scroll of magic mapping
 e - 34 scrolls of fog
 p - 9 scrolls of holy word
 q - 46 scrolls of remove curse
 t - 17 scrolls of blinking
 u - 62 scrolls of teleportation
 C - 3 scrolls of summoning
 K - 3 scrolls of fear
 Q - a scroll of recharging
 U - 17 scrolls of identify
Potions
 f - 3 potions of invisibility
 j - 2 potions of haste
 s - 6 potions of cure mutation
 w - 21 potions of curing
 D - 2 potions of ambrosia
 F - 16 potions of flight
 L - 8 potions of brilliance
 M - 4 potions of cancellation
 Z - 4 potions of resistance
Miscellaneous
 d - 21 phantom mirrors
 x - a fan of gales
 A - a lamp of fire
 P - 14 boxes of beasts
 Y - a phial of floods
Comestibles
 h - 2 beef jerkies
 o - 19 bread rations
 z - 47 fruits
 O - 43 meat rations


   Skills:
 O Level 27 Fighting
 - Level 13.1 Staves
 * Level 26.2 Dodging
 + Level 26.7 Stealth
 * Level 23.2 Shields
 O Level 27 Spellcasting
 O Level 27 Conjurations
 - Level 3.0 Charms
 - Level 1.0 Summonings
 - Level 14.0 Translocations
 - Level 8.0 Transmutations
 O Level 27 Fire Magic
 O Level 27 Ice Magic
 - Level 5.0 Air Magic
 O Level 27 Earth Magic
 O Level 27 Evocations


You couldn't memorise any spells.
You knew the following spells:

 Your Spells              Type           Power        Failure   Level  Hunger
a - Orb of Destruction    Conj           #########.   0%          7    None
b - Controlled Blink      Tloc           N/A          1%          8    None
c - Force Lance           Conj/Tloc      ########     0%          4    None
d - Glaciate              Conj/Ice       #########.   1%          9    None
e - Lehudib's Crystal Sp  Conj/Erth      #########.   1%          8    None
f - Statue Form           Tmut/Erth      ########.    0%          6    None
g - Fire Storm            Conj/Fire      #########.   1%          9    None
h - Regeneration          Chrm/Necr      #######...   1%          3    None
i - Swiftness             Chrm/Air       #######.     1%          2    None
j - Shatter               Erth           #########.   1%          9    None
k - Spellforged Servitor  Conj/Summ      ########..   1%          7    None
r - Deflect Missiles      Chrm/Air       #######...   2%          6    None
t - Blink                 Tloc           N/A          0%          2    None


Dungeon Overview and Level Annotations

Branches:
Dungeon (15/15)            Temple (1/1) D:7            Lair (6/6) D:11
  Swamp (4/4) Lair:4       Spider (4/4) Lair:2        Slime (5/5) Lair:5
    Orc (2/2) D:12            Elf (3/3) Orc:2        Vaults (5/5) D:13
  Crypt (3/3) Vaults:2       Tomb (0/3) Crypt:3      Depths (5/5) D:15
   Hell (1/1)                 Dis (0/7) Hell            Geh (1/7) Hell
    Coc (7/7) Hell            Tar (0/7) Hell            Zot (4/5) Depths:5

Altars:
Ashenzari
Cheibriados
Dithmenos
Elyvilon
Fedhas
Gozag
Hepliaklqana
Kikubaaqudgha
Makhleb
Nemelex Xobeh
Okawaru
Qazlal
Ru
Sif Muna
Trog
Uskayaw
Vehumet
Xom
Yredelemnul
Zin
The Shining One
Beogh
Jiyva
Lugonu

Shops:
D:5 [   Orc:1 %   Orc:2 [[([   Elf:3 !   Vaults:1 %   Vaults:4 :   Vaults:5 }
Depths:1 :}=}   Depths:2 =   Depths:5 (!?:!

Portals:
Hell: Depths:1 Depths:2 Depths:3 Depths:4 Depths:5
Abyss: Depths:1 Depths:2 Depths:3 Depths:4 Depths:5
Pandemonium: Depths:2 Depths:3 Depths:4
Trove: Elf:1 (give 5 potions of resistance)

Annotations:
Depths:5 6 runed doors


Innate Abilities, Weirdness & Mutations

You cannot wear most types of armour.
You are very stealthy in the water. (Stealth+)
You are amphibious.
You can wear up to eight rings at the same time.
You can use your tentacles to constrict eight enemies at once.
Your skin changes colour to match your surroundings (Stealth+).
((Your rubbery body absorbs attacks. (AC +1, EV +1)))
You have very sharp teeth.
You are somewhat resistant to further mutation.


Message History

Unknown command.
Unknown command.
Okay, then.
Unknown command.
Unknown command.
Evoke which item? (* to show all) (? for menu, Esc to quit)
Okay, then.
As you read the scroll of fog, it crumbles to dust.
The scroll dissolves into smoke.
The freezing wraith disappears in a puff of smoke!
You block the death scarab's attack. The death scarab completely misses you.
You block the death scarab's attack.
The greater mummy calls on the powers of darkness!
The mana viper convulses! x2; Your body is wracked with pain!
* * * LOW HITPOINT WARNING * * *
The mummy priest mumbles some strange prayers to its god.
The mummy priest utters an invocation to its god.
The greater mummy gestures at you while chanting.
Something smites you!
You die...

▓▓▓▓▓▓▓▓▓▓
.....§§8M▓▓
.....W§sMZ▓▓
.....sVM3WV▓▓
#....V#WM4.W▓▓
...MM8.Mnn4SW▓▓


4.ZMZMM8MWZS4.▓▓ MMMZM.4MzMMMzW§▓ ....8.M.WM.MZ.▓▓ M†...MM.8..▓▓ You could see 3
greater mummies, 4 mummy priests, 2 flayed ghosts, 2 mana vipers, 2 guardian
mummies, 2 ushabtiu, an ice devil, 2 freezing wraiths, a spectral glowing
shapeshifter, a sixfirhy, a hungry ghost, a chaos spawn, 3 vampires, a wraith, 2
death scarabs, a red devil, 2 necrophages, a shadow, a flying skull, 6 mummies,
a wight, a golden dragon simulacrum, a golden dragon zombie, a golden dragon
skeleton (wandering) and a tengu reaver skeleton.

Vanquished Creatures
  Antaeus (Coc:7)
  the Royal Jelly (Slime:5)
  An orb of fire (Zot:4)
  11 ancient liches
  Mara (Depths:3)
  The ghost of Kaishin the Ruinous, a legendary DgIE (Zig:12)
  16 juggernauts
  32 greater mummies
  Boris (Vaults:4)
  Frederick (Crypt:3)
  the Lernaean hydra (Swamp:4)
  29 shard shrikes
  7 caustic shrikes
  19 Killer Klowns
  2 curse toes
  Geryon (Hell)
  34 golden dragons
  9 profane servitors
  32 bone dragons
  Arachne (Spider:4)
  An iron giant (shapeshifter) (Zig:12)
  20 iron giants
  19 liches
  11 Tzitzimimeh
  4 hellephants
  5 Brimstone Fiends
  Jorgrun (Depths:2)
  3 electric golems (Zot:1)
  43 tentacled monstrosities
  41 Ice Fiends
  Asterion (Spider:4)
  9 deep elf master archers
  13 Hell Sentinels
  2 deep elf blademasters
  13 titans
  8 quicksilver dragons
  50 acid blobs
  A quicksilver dragon (shapeshifter) (Zig:19)
  A titan (shapeshifter) (Zig:12)
  35 pandemonium lords
  Murray (Hell)
  15 thorn hunters
  2 sphinxes (shapeshifter) (Zig:19)
  25 ancient champions
  11 death cobs
  15 Executioners
  22 tentacled starspawn
  A storm dragon (shapeshifter) (Zig:27)
  12 sphinxes
  5 shadow dragons
  7 eldritch tentacles
  Gastronok (D:13)
  Roxanne (Elf:1)
  Agnes (Spider:1)
  2 shadow dragons (shapeshifter)
  8 tengu reavers
  3 daevas
  10 storm dragons
  31 azure jellies
  Kirke (Lair:5)
  3 azure jellies (shapeshifter) (Zig:19)
  7 warmongers
  19 revenants
  A fire giant (shapeshifter) (Zig:19)
  23 fire giants
  17 draconian scorchers
  20 nagarajas
  7 iron dragons
  11 blood saints
  11 draconian monks
  12 balrugs
  Louise (Depths:4)
  The ghost of AlphabetPasta the Markscentaur, a journeyman CeBe of Trog (Orc:1)
  8 cacodemons
  10 ghost moths
  7 caustic shrike zombies
  4 juggernaut zombies
  8 draconian knights
  An emperor scorpion (shapeshifter) (Zig:27)
  24 vault wardens
  11 deep elf sorcerers
  7 black suns
  12 draconian shifters
  3 deep elf elementalists
  43 orc warlords
  32 frost giants
  10 draconian annihilators
  26 ironheart preservers
  12 emperor scorpions
  17 draconian stormcallers
  6 ghouls
  15 curse skulls
  2 spriggan defenders (Depths:3)
  51 stone giants
  An entropy weaver (shapeshifter) (Zig:21)
  51 reapers
  8 caustic shrike skeletons
  38 very ugly things
  3 stone giants (shapeshifter)
  9 corrupters
  3 entropy weavers
  8 elemental wellsprings
  12 war gargoyles
  4 juggernaut skeletons
  9 lorocyprocas
  69 starcursed masses
  29 vampire knights
  15 deep elf demonologists
  8 dire elephants
  A dire elephant (shapeshifter) (Zig:19)
  9 bennus
  18 green draconians
  57 large abominations
  20 white draconians
  23 purple draconians
  9 deep elf annihilators
  15 yellow draconians
  6 spark wasps
  8 statues (WizLab)
  16 red draconians
  15 black draconians
  26 mummy priests
  7 crystal guardians
  24 eidola
  33 ettins
  23 jiangshi
  16 death oozes
  48 blizzard demons
  35 green deaths
  19 merfolk javelineers
  A great orb of eyes (shapeshifter) (Zig:16)
  11 deep elf high priests
  A kraken zombie (Coc:3)
  27 deep elf death magi
  29 yaktaur captains
  A merfolk impaler (Zig:3)
  23 great orbs of eyes
  5 quicksilver dragon zombies
  Erolcha (D:13)
  19 fire dragons
  44 ice dragons
  13 hell beasts
  35 vault guards
  75 hydras
  A caustic shrike simulacrum (Zig:16)
  21 rakshasas
  7 naga warriors
  6 spriggan air magi
  11 merfolk aquamancers
  A merfolk avatar (Zig:25)
  A quicksilver dragon skeleton (Coc:3)
  2 alligator snapping turtles (shapeshifter) (Zig:19)
  11 death knights
  A catoblepas (shapeshifter) (Vaults:5)
  4 alligator snapping turtles
  6 catoblepae
  7 ghost crabs
  4 satyrs (Zig:9)
  7 anacondas
  33 alligators
  10 centaur warriors
  60 two-headed ogres
  2 ghost crabs (shapeshifter)
  38 dancing weapons
  The ghost of TroubleDarcy the Cleaver, a novice TrCK of Xom (D:9)
  7 titan zombies
  8 tengu warriors
  28 vampire magi
  19 thrashing horrors
  5 hell hogs
  26 ogre magi
  13 death scarabs
  An alligator (shapeshifter) (Vaults:3)
  10 deep troll shamans
  17 soul eaters
  46 orc high priests
  8 storm dragon zombies
  Urug (Lair:3)
  5 spriggan berserkers
  9 naga sharpshooters
  4 death yaks
  20 deep troll earth magi
  15 shock serpents
  29 deep elf knights
  A hell hog (shapeshifter) (Zig:27)
  9 titan skeletons
  13 sun demons
  3 iron trolls (shapeshifter)
  23 wretched stars
  147 skeletal warriors
  6 sixfirhies
  25 death drakes
  2 iron golems
  20 iron trolls
  2 fire crabs (shapeshifter)
  5 spatial maelstroms
  A ghost moth zombie (Coc:6)
  40 hell knights
  2 infernal demonspawn
  10 golden dragon zombies
  5 shadow demons
  7 storm dragon skeletons
  5 unseen horrors
  2 unseen horrors (shapeshifter)
  39 deep trolls
  15 anaconda zombies
  14 shadow wraiths
  2 salamander mystics
  A glowing orange brain (shapeshifter) (Zig:21)
  23 flayed ghosts
  13 spriggan druids
  5 glowing orange brains
  5 naga ritualists
  The ghost of RexxRaptorr the Martial Artist, a novice OpTm (D:7)
  2 orange crystal statues
  3 death drakes (shapeshifter)
  2 kraken simulacra
  32 swamp dragons
  A spectral wolf spider (Crypt:3)
  10 wizards
  24 deep elf archers
  2 golden dragon skeletons
  28 shambling mangroves
  19 phantasmal warriors
  18 ironbrand convokers
  A lindwurm (Zig:15)
  A lindwurm (shapeshifter) (Zig:27)
  5 wolf spider zombies
  2 harpies (Depths:2)
  30 orc knights
  5 sphinx zombies
  8 anaconda skeletons
  123 deep elf magi
  14 shadow dragon zombies
  22 necromancers
  4 shadow dragon skeletons
  63 ugly things
  40 wolf spiders
  22 orb spiders
  7 stone giant zombies
  3 wolf spiders (shapeshifter)
  46 moths of wrath
  9 iron dragon zombies
  13 shining eyes
  A human zombie (Vaults:4)
  6 fire giant zombies
  A faun (Zig:9)
  7 tengu skeletons
  4 mana vipers
  8 frost giant zombies
  A spectral ice dragon (Crypt:3)
  A salamander (shapeshifter) (Depths:3)
  4 oklob plants
  23 cyclopes
  A manticore (shapeshifter) (Zig:12)
  29 orc sorcerers
  2 worldbinders
  A shock serpent zombie (Coc:6)
  3 sphinx skeletons
  A faun (shapeshifter) (Zig:12)
  5 elephants
  8 iron dragon skeletons
  3 salamanders
  2 fire giant skeletons
  17 guardian serpents
  A hell hog skeleton (Crypt:1)
  4 manticores
  3 water nymphs (Zig:3)
  2 titan simulacra
  4 stone giant skeletons
  3 dire elephant zombies
  20 vault sentinels
  2 guardian serpents (shapeshifter)
  2 merfolk sirens
  2 centaur zombies
  2 torpor snails
  4 frost giant skeletons
  4 gargoyles
  17 rust devils
  9 eyes of devastation
  2 human skeletons
  2 water nymphs (shapeshifter) (Zig:27)
  Maurice (D:8)
  8 orange demons
  Joseph (D:8)
  3 spiny frogs (shapeshifter)
  14 naga magi
  13 apocalypse crabs
  34 black mambas
  A torpor snail (shapeshifter) (Elf:1)
  3 ice statues
  38 spiny frogs
  29 smoke demons
  2 emperor scorpion zombies
  79 freezing wraiths
  6 kobold demonologists
  12 hellions
  10 rime drakes
  16 komodo dragons
  80 yaktaurs
  A catoblepas zombie (Coc:3)
  46 tormentors
  A yaktaur zombie (Vaults:4)
  14 demonic crawlers
  25 elf zombies
  3 dire elephant skeletons
  A yaktaur skeleton (Vaults:5)
  5 efreet
  5 hellwings
  60 ice devils
  A golden dragon simulacrum (Coc:5)
  A tengu conjurer (Depths:1)
  5 harpy zombies
  27 hydra zombies
  14 red devils
  18 ancient zymes
  54 guardian mummies
  25 trolls
  4 jumping spiders (shapeshifter)
  7 merfolk
  2 queen bees (shapeshifter)
  2 wind drakes
  A shadow dragon simulacrum (Coc:4)
  16 tyrant leeches
  7 hydra skeletons
  A harpy skeleton (Coc:3)
  75 hornets
  2 polar bears (shapeshifter)
  Prince Ribbit (Lair:1)
  54 jumping spiders
  10 polar bears
  25 bog bodies
  A hornet (shapeshifter) (Vaults:3)
  5 ice dragon zombies
  A dream sheep (Zig:1)
  33 raiju
  2 meliai zombies
  207 slime creatures
  15 hippogriffs
  A tengu simulacrum (Zig:23)
  31 blink frogs
  2 deep troll zombies (Depths:1)
  8 alligator zombies
  9 ettin zombies
  3 fire giant simulacra
  A dream sheep (shapeshifter) (D:13)
  A raiju (shapeshifter) (Depths:5)
  3 fire dragon zombies
  4 spriggan zombies
  A frost giant simulacrum (Coc:5)
  A stone giant simulacrum (Coc:6)
  A hippogriff (shapeshifter) (Zig:21)
  21 tarantellas
  102 redbacks
  21 spriggans
  9 air elementals
  129 flying skulls
  38 small abominations
  3 ettin skeletons
  3 fire dragon skeletons
  2 ice dragon skeletons (Coc:2)
  8 ynoxinuls
  A spriggan (shapeshifter) (Depths:1)
  16 ushabtiu
  25 shadows
  2 yaks (shapeshifter)
  4 vampires
  4 spriggan skeletons
  34 wraiths
  8 hungry ghosts
  8 hogs
  7 alligator skeletons
  3 fire bats (Geh:1)
  36 water elementals
  6 humans
  3 humans (shapeshifter)
  2 wyverns
  3 basilisks
  15 neqoxecs
  34 yaks
  33 vampire mosquitoes
  21 golden eyes
  2 human simulacra
  13 fire elementals
  9 spatial vortices
  A yaktaur simulacrum (Vaults:4)
  19 elf skeletons
  17 chaos spawn
  19 nagas
  Menkaure (D:4)
  Edmund (D:4)
  23 swamp worms
  20 spiny frog zombies
  20 insubstantial wisps
  A monstrous demonspawn zombie (Coc:4)
  A swamp worm (shapeshifter) (Zig:8)
  A merfolk zombie (Coc:6)
  17 wargs
  2 hydra simulacra
  An orb spider zombie (Crypt:2)
  4 hell hounds
  An infernal demonspawn skeleton (Crypt:1)
  An acid dragon (D:13)
  27 water moccasins
  7 sky beasts
  10 spiny frog skeletons
  6 porcupines
  3 snapping turtle zombies
  95 orc warriors
  30 swamp drakes
  5 swamp dragon zombies
  16 eyes of draining
  22 ice beasts
  2 black bears (shapeshifter)
  3 black bears (Lair:6)
  An alligator simulacrum (Coc:2)
  5 phantoms
  7 necrophages
  A sky beast (shapeshifter) (Vaults:3)
  16 boggarts
  An ice beast (shapeshifter) (Vaults:5)
  2 ettin simulacra
  An ogre (shapeshifter) (Abyss:2)
  19 centaurs
  A manticore zombie (Coc:7)
  A centaur (shapeshifter) (Zig:21)
  6 snapping turtle skeletons
  69 ogres
  32 wolves
  39 crocodiles
  3 swamp dragon skeletons
  An elephant skeleton (Crypt:2)
  3 manticore skeletons
  21 bullfrogs
  4 big kobolds
  A komodo dragon skeleton (Crypt:2)
  A gnoll sergeant (D:8)
  A glowing shapeshifter simulacrum (Depths:3)
  4 earth elementals
  10 scorpions
  A scorpion (shapeshifter) (Vaults:2)
  A troll zombie (Coc:5)
  43 wights
  4 killer bees
  A manticore simulacrum (Coc:4)
  2 howler monkeys
  A bullfrog zombie (D:10)
  8 crimson imps
  9 quasits
  7 hounds
  8 jellies
  31 orc wizards
  Crazy Yiuf (D:3)
  A gnoll shaman (Zig:11)
  48 orc priests
  7 centaur skeletons
  9 iron imps
  Jessica (D:6)
  A bullfrog skeleton (D:12)
  3 iguanas
  Natasha (thrice) (D:2)
  8 hell rats (Hell)
  13 worker ants
  A lightning spire (Zig:16)
  2 spriggan simulacra (IceCv)
  2 troll simulacra (IceCv)
  9 tengu zombies
  A centaur simulacrum (IceCv)
  59 mummies
  Robin (D:4)
  A worker ant zombie (D:8)
  4 gnolls (D:8)
  An ogre simulacrum (IceCv)
  17 adders
  4 naga simulacra (IceCv)
  A river rat (Lair:1)
  11 shadow imps
  50 white imps
  3 ufetubi
  6 oozes
  An adder skeleton (D:4)
  2 adder zombies
  A dart slug (shapeshifter) (Vaults:4)
  3 dart slugs
  3 worms
  8 leopard geckos
  131 orcs
  A ball python (shapeshifter) (Vaults:2)
  9 bats
  7 giant cockroaches
  11 goblins
  17 hobgoblins
  18 jackals
  17 kobolds
  3 quokkas
  3 ball pythons
  6 frilled lizards
  A gnoll skeleton (Crypt:1)
  A jackal skeleton (D:6)
  A jackal zombie (D:6)
  8 rats
  A rat skeleton (Crypt:2)
  A river rat skeleton (Crypt:1)
  23 blocks of ice
  100 briar patches
  5 crawling corpses (Elf:3)
  40 fire vortices
  14 fungi
  30 plants
  5 starspawn tentacles
  3 tentacles (Coc:6)
7101 creatures vanquished.

Vanquished Creatures (collateral kills)
  An ancient lich (Zig:16)
  A shard shrike (Coc:5)
  2 golden dragons
  2 bone dragons
  A Brimstone Fiend (Zig:24)
  A Hell Sentinel (Zig:24)
  An Ice Fiend (Coc:7)
  3 tentacled monstrosities
  An ancient champion (Zig:15)
  9 acid blobs
  A tentacled starspawn (Zig:21)
  A sphinx (Zig:21)
  3 frost giants
  3 revenants
  An azure jelly (Slime:5)
  A draconian knight (Zig:18)
  A juggernaut zombie (Zig:16)
  2 vault wardens (Vaults:5)
  A draconian scorcher (Zot:1)
  A caustic shrike zombie (Zig:20)
  A deep elf elementalist (Elf:3)
  An emperor scorpion (Zig:25)
  A draconian annihilator (Zot:4)
  An iron dragon (Zig:18)
  3 very ugly things
  A stone giant (Zig:11)
  A bennu (Zig:12)
  3 vampire knights
  2 corrupters
  2 purple draconians
  A red draconian (Zig:7)
  A black sun (Zig:13)
  A deep elf annihilator (Elf:3)
  A yellow draconian (Zot:4)
  2 mummy priests
  2 green deaths
  A statue (WizLab)
  A fire dragon (Depths:5)
  A death ooze (Slime:5)
  A great orb of eyes (Depths:4)
  A monstrous demonspawn (Zig:24)
  A hydra (Zig:23)
  A hell beast (Zig:10)
  A centaur warrior (Depths:1)
  A death knight (Crypt:3)
  A two-headed ogre (Depths:2)
  A two-headed ogre (shapeshifter) (Depths:5)
  A titan zombie (Zig:26)
  A naga sharpshooter (Zig:10)
  A shadow wraith (Zig:15)
  2 wretched stars
  3 skeletal warriors
  A ghost moth zombie (Coc:2)
  An iron troll (Depths:5)
  2 anaconda zombies
  A golden dragon zombie (Zig:20)
  A sixfirhy (Zig:24)
  A glowing orange brain (Depths:4)
  A storm dragon skeleton (Zig:26)
  A flayed ghost (Zig:17)
  A golden dragon skeleton (Zig:26)
  A kraken simulacrum (Coc:5)
  A tengu zombie (Zig:26)
  A sphinx zombie (Zig:26)
  2 shadow dragon zombies
  A wolf spider (Spider:4)
  A necromancer (Crypt:2)
  A sphinx skeleton (Zig:16)
  A shadow dragon skeleton (Crypt:1)
  A moth of wrath (Zot:4)
  A frost giant skeleton (Coc:1)
  A smoke demon (Abyss:5)
  A naga mage (Zig:25)
  An emperor scorpion zombie (Coc:1)
  2 elf skeletons
  A dire elephant skeleton (Coc:5)
  A yaktaur (Vaults:4)
  A hellion (Zig:24)
  2 ancient zymes
  2 freezing wraiths
  A white draconian zombie (Crypt:2)
  2 small abominations
  3 hornets
  A fire dragon zombie (Coc:7)
  A raiju (Abyss:4)
  8 slime creatures
  2 redbacks (Spider:4)
  An air elemental (Depths:5)
  A tarantella (Spider:4)
  4 starcursed masses
  2 spriggans (Lair:6)
  3 flying skulls
  A ynoxinul (Abyss:4)
  An ushabti (Zig:23)
  3 water elementals
  4 golden eyes
  A wraith (Crypt:3)
  A large abomination (Zig:10)
  An ice beast (Coc:2)
  2 wolves (Lair:6)
  An ogre (Vaults:5)
  A wight (Coc:4)
  2 orc wizards
  2 hell rats (Hell)
  4 mummies
  6 white imps
  An ufetubus (Abyss:1)
  An iguana skeleton (Crypt:1)
  An orc (D:13)
  An orc zombie (Coc:5)
  A briar patch (Zig:15)
  8 crawling corpses
  5 fire vortices
  A fungus (Lair:6)
  A lurking horror (Abyss:4)
  2 plants
194 creatures vanquished.

Vanquished Creatures (others)
  A pandemonium lord (Zig:19)
  2 eldritch tentacles
  A tentacled starspawn (Abyss:5)
  A stone giant (Zig:26)
  A black draconian (Zig:13)
  A minotaur (Lab)
  A merfolk javelineer (Zig:25)
  6 yaktaur captains
  A deep elf knight (Elf:1)
  A swamp dragon (Zig:23)
  A deep elf archer (Elf:2)
  2 deep elf magi (WizLab)
  A cyclops (D:13)
  6 yaktaurs
  A fire bat (shapeshifter) (Zig:27)
  A ball lightning (Zot:3)
  4 blocks of ice
  A briar patch (Zig:23)
  2283 fire vortices
  5 fungi
  2 lurking horrors
  7 plants
  24 starspawn tentacles
  17 tentacles
2371 creatures vanquished.

Grand Total: 9666 creatures vanquished

Notes
Turn   | Place    | Note
-------+----------+-------------------------------------------
     0 | D:1      | hoot the Octopode Wizard began the quest for the Orb.
     0 | D:1      | Reached XP level 1. HP: 11/11 MP: 4/4
   183 | D:1      | Reached XP level 2. HP: 17/17 MP: 3/6
   495 | D:1      | Reached XP level 3. HP: 12/21 MP: 0/7
   500 | D:1      | Learned a level 3 spell: Mephitic Cloud
   504 | D:1      | Learned a level 3 spell: Conjure Flame
  1469 | D:2      | Noticed Natasha
  1580 | D:2      | Reached skill level 1 in Fire Magic
  1580 | D:2      | Reached XP level 4. HP: 17/27 MP: 9/9
  1688 | D:2      | Learned a level 2 spell: Blink
  2045 | D:2      | Killed Natasha
  2045 | D:2      | Reached XP level 5. HP: 31/31 MP: 3/10
  2052 | D:2      | Noticed Natasha
  2060 | D:2      | Killed Natasha
  2078 | D:2      | Noticed Natasha
  2084 | D:2      | Killed Natasha
  2845 | D:3      | Found a sacrificial altar of Ru.
  2860 | D:3      | Reached XP level 6. HP: 27/36 MP: 8/12
  2865 | D:3      | Learned a level 2 spell: Repel Missiles
  3095 | D:3      | Found a shattered altar of Ashenzari.
  3143 | D:3      | Found a runed door.
  3780 | D:3      | Noticed Crazy Yiuf
  3791 | D:3      | Killed Crazy Yiuf
  4178 | D:4      | Reached XP level 7. HP: 41/41 MP: 6/13
  4263 | D:4      | Reached skill level 5 in Conjurations
  4400 | D:4      | Noticed Robin
  4458 | D:4      | Killed Robin
  4515 | D:4      | Noticed Edmund
  4863 | D:4      | Found a deep blue altar of Sif Muna.
  5088 | D:4      | Killed Edmund
  5319 | D:4      | Noticed Menkaure
  5329 | D:4      | Killed Menkaure
  5605 | D:4      | Reached XP level 8. HP: 46/46 MP: 2/14
  5666 | D:4      | Gained mutation: One of your tentacles bears a spike. [potion of mutation]
  5666 | D:4      | Gained mutation: You are resistant to hostile enchantments. (MR+) [potion of mutation]
  5666 | D:4      | Gained mutation: You are clumsy. (Dex -2) [potion of mutation]
  5905 | D:5      | Entered Level 5 of the Dungeon
  5905 | D:5      | Found a snail-covered altar of Cheibriados.
  5958 | D:5      | Found a basalt altar of Yredelemnul.
  6019 | D:5      | Reached skill level 5 in Fire Magic
  6187 | D:5      | Found an opulent altar of Gozag.
  6237 | D:5      | Found a radiant altar of Vehumet.
  6238 | D:5      | Found Zetacher's Armour Shop.
  6690 | D:5      | Bought a +2 buckler of protection for 236 gold pieces
  6846 | D:6      | Reached skill level 1 in Shields
  6925 | D:6      | Noticed Grinder
  7025 | D:6      | Reached skill level 5 in Spellcasting
  7262 | D:6      | Identified a scroll of acquirement
  7270 | D:6      | Got an ancient hat
  7276 | D:6      | Identified the +2 hat of the Komodo Dragon {rN+} (You acquired it on level 6 of the Dungeon)
  7344 | D:6      | Found a shimmering altar of Xom.
  7363 | D:6      | Noticed Grinder
  7363 | D:6      | Grinder changed into Grinder the rust devil
  7736 | D:7      | Noticed RexxRaptorr's ghost (novice OpTm)
  7752 | D:7      | Killed RexxRaptorr's ghost
  7752 | D:7      | Reached XP level 9. HP: 24/51 MP: 15/17
  8044 | D:7      | Found a staircase to the Ecumenical Temple.
  8050 | Temple   | Entered the Ecumenical Temple
  9421 | D:8      | Noticed Joseph
  9690 | D:8      | Killed Joseph
  9813 | D:8      | Noticed Maurice
  9834 | D:8      | Killed Maurice
  9905 | D:8      | Reached skill level 5 in Shields
 10120 | D:8      | Reached XP level 10. HP: 56/56 MP: 9/19
 11629 | D:9      | Noticed TroubleDarcy's ghost (novice TrCK)
 11755 | D:9      | Found a white marble altar of Elyvilon.
 13763 | D:9      | Killed TroubleDarcy's ghost
 13763 | D:9      | Reached skill level 10 in Conjurations
 13763 | D:9      | Reached XP level 11. HP: 61/61 MP: 12/21
 14104 | D:9      | Found an iron altar of Okawaru.
 14259 | D:6      | Killed Grinder the rust devil
 14857 | D:6      | Found a sparkling altar of Nemelex Xobeh.
 14857 | D:6      | Noticed Jessica
 14862 | D:6      | Killed Jessica
 14935 | D:6      | Found a bloodstained altar of Trog.
 15312 | D:5      | Became a worshipper of Vehumet
 15463 | D:10     | Entered Level 10 of the Dungeon
 15469 | D:10     | Reached skill level 10 in Fire Magic
 16586 | D:10     | Noticed a deep elf mage
 16675 | D:10     | Killed a deep elf mage
 17284 | D:11     | Noticed a purple ugly thing
 17284 | D:11     | Noticed a two-headed ogre
 17370 | D:11     | Noticed a two-headed ogre
 17399 | D:11     | Killed a two-headed ogre
 17817 | D:11     | Killed a two-headed ogre
 18264 | D:11     | Found a deep blue altar of Sif Muna.
 18459 | D:11     | Noticed an orc knight
 18475 | D:11     | Killed an orc knight
 18735 | D:11     | You fall through a shaft!
 18736 | D:12     | Reached * piety under Vehumet
 18736 | D:12     | Offered knowledge of Flame Tongue by Vehumet.
 19095 | D:12     | Noticed a deep elf mage
 19137 | D:12     | Reached XP level 12. HP: 66/66 MP: 8/24
 19790 | D:11     | Found a staircase to the Lair.
 19805 | D:11     | Noticed a two-headed ogre
 19807 | D:11     | Noticed a two-headed ogre
 19889 | D:11     | Killed a two-headed ogre
 19984 | D:11     | Killed a two-headed ogre
 20571 | D:11     | Noticed a two-headed ogre
 20592 | D:11     | Killed a two-headed ogre
 21304 | D:12     | Found a staircase to the Orcish Mines.
 21314 | D:12     | Reached ** piety under Vehumet
 21314 | D:12     | Offered knowledge of Sandblast by Vehumet.
 21329 | D:12     | Learned a level 1 spell: Sandblast
 21335 | D:12     | Found a roughly hewn altar of Beogh.
 21357 | D:12     | Reached skill level 1 in Fighting
 21934 | Orc:1    | Entered Level 1 of the Orcish Mines
 22048 | D:12     | Offered knowledge of Ignite Poison by Vehumet.
 22063 | D:12     | Learned a level 5 spell: Poisonous Cloud
 22067 | D:12     | Learned a level 3 spell: Ignite Poison
 22376 | D:12     | Reached *** piety under Vehumet
 22406 | D:12     | Reached skill level 1 in Air Magic
 23140 | Lair:1   | Entered Level 1 of the Lair of Beasts
 23721 | Lair:1   | Noticed Prince Ribbit
 23746 | Lair:1   | Killed Prince Ribbit
 23746 | Lair:1   | Reached XP level 13. HP: 67/77 MP: 19/25
 24061 | Lair:1   | Offered knowledge of Stone Arrow by Vehumet.
 24078 | Lair:1   | Learned a level 3 spell: Stone Arrow
 24930 | Lair:1   | Gained mutation: Your mind is acute. (Int +2) [potion of beneficial mutation]
 25302 | Lair:2   | Reached **** piety under Vehumet
 25978 | Lair:2   | Offered knowledge of Inner Flame by Vehumet.
 26431 | Lair:2   | Found a hazy altar of Hepliaklqana.
 26639 | Lair:2   | Found a hole to the Spider Nest.
 27635 | Lair:3   | Noticed Urug
 27640 | Lair:3   | Killed Urug
 27893 | Lair:3   | Reached skill level 5 in Fighting
 28013 | Lair:3   | Identified a +0 rod of ignition (11/11) (You found it on level 3 of the Lair of Beasts)
 28318 | Lair:4   | Learned a level 3 spell: Regeneration
 28350 | Lair:4   | Found a staircase to the Swamp.
 28386 | Lair:4   | Reached skill level 5 in Dodging
 28445 | Lair:4   | Learned a level 5 spell: Fireball
 28455 | Lair:4   | Reached ***** piety under Vehumet
 28455 | Lair:4   | Offered knowledge of Force Lance by Vehumet.
 28544 | Lair:4   | Found a frozen archway.
 28547 | Lair:4   | Reached XP level 14. HP: 56/88 MP: 24/27
 28687 | Lair:4   | Learned a level 7 spell: Delayed Fireball
 28716 | IceCv    | Entered an ice cave
 28743 | IceCv    | Reached skill level 10 in Spellcasting
 29394 | IceCv    | Got a dazzling dire flail
 29405 | IceCv    | Identified the +10 dire flail of Toxuleonarr {antimagic, rF+} (You found it in an ice cave)
 29619 | Lair:4   | Learned a level 4 spell: Force Lance
 30249 | Lair:5   | Noticed Kirke
 30373 | Lair:5   | Killed Kirke
 30645 | Lair:5   | Identified the ring "Xomug" {Str+3 Int+2} (You acquired it on level 5 of the Lair of Beasts)
 30830 | Lair:5   | Found a viscous altar of Jiyva.
 30830 | Lair:5   | Found a staircase to the Slime Pits.
 30869 | Lair:5   | Gained mutation: Your mind is very acute. (Int +4) [potion of beneficial mutation]
 31571 | D:13     | Noticed Gastronok
 31575 | D:13     | You fall through a shaft!
 31928 | D:14     | Offered knowledge of Throw Icicle by Vehumet.
 32394 | D:14     | Found a shimmering altar of Xom.
 32696 | D:14     | Found a glowing golden altar of the Shining One.
 33956 | D:15     | Entered Level 15 of the Dungeon
 34010 | D:15     | Found a labyrinth entrance.
 34015 | Lab      | Entered a labyrinth
 34442 | Lab      | Identified the Volume of Translocation
 34444 | Lab      | Identified Xyfuniym's Volume of Moulding and Aid
 34482 | Lab      | Learned a level 2 spell: Swiftness
 34486 | Lab      | Learned a level 3 spell: Ozocubu's Armour
 34541 | D:15     | Reached XP level 15. HP: 64/92 MP: 31/31
 35251 | D:15     | Found a staircase to the Depths.
 35396 | D:15     | Reached skill level 1 in Evocations
 35527 | D:15     | HP: 3/92 [skeletal warrior/battleaxe[a skeletal warrior] (15)]
 35683 | D:14     | Offered knowledge of Bolt of Magma by Vehumet.
 35922 | D:13     | Killed Gastronok
 36405 | D:13     | Found a gate to the Vaults.
 36458 | D:13     | Noticed Erolcha
 36465 | D:13     | Killed Erolcha
 36465 | D:13     | Reached skill level 15 in Conjurations
 37258 | Orc:1    | Noticed AlphabetPasta's ghost (journeyman CeBe)
 37279 | Orc:1    | Killed AlphabetPasta's ghost
 37550 | Orc:2    | Entered Level 2 of the Orcish Mines
 37724 | Orc:2    | Found a staircase to the Elven Halls.
 38089 | Orc:2    | Offered knowledge of Yara's Violent Unravelling by Vehumet.
 38571 | Orc:2    | Found Ewnaycli's Antique Armour Shop.
 38571 | Orc:2    | Found Suihy's Armour Shop.
 38572 | Orc:2    | Found Dija's Armour Boutique.
 38572 | Orc:2    | Found Fihoo's Weapon Shop.
 38586 | Orc:2    | Bought the +3 hat of Pondering {ponderous, MR+ MP+10 Int+5} for 188 gold pieces
 38655 | Elf:1    | Entered Level 1 of the Elven Halls
 38950 | Elf:1    | Noticed a deep elf sorcerer
 38952 | Elf:1    | Killed a deep elf sorcerer
 39186 | Elf:1    | Reached XP level 16. HP: 101/101 MP: 32/32
 40209 | Elf:1    | Reached skill level 15 in Fire Magic
 40313 | Elf:1    | Reached skill level 5 in Evocations
 40366 | Elf:1    | Found a portal to a secret trove of treasure.
 40857 | Elf:1    | Noticed Roxanne
 41199 | Elf:1    | Killed Roxanne
 41521 | Elf:1    | Offered knowledge of Poison Arrow by Vehumet.
 41879 | Orc:1    | Found Akkuxewygi's Food Shop.
 42434 | Swamp:1  | Entered Level 1 of the Swamp
 43146 | Swamp:1  | Noticed a thorn hunter
 43286 | Swamp:1  | Killed a thorn hunter
 44701 | Swamp:1  | Upgraded the game from 0.20-a0-344-g34bdcb4 to 0.20-a0-350-ga83eecc
 44746 | Swamp:2  | Noticed a thorn hunter
 44748 | Swamp:2  | Killed a thorn hunter
 44748 | Swamp:2  | Reached XP level 17. HP: 109/109 MP: 34/34
 46686 | Swamp:3  | Offered knowledge of Spellforged Servitor by Vehumet.
 46729 | Swamp:3  | Learned a level 7 spell: Spellforged Servitor
 46987 | Swamp:3  | Found a runed door.
 46987 | Swamp:3  | Noticed a tentacled monstrosity
 47139 | Swamp:4  | Entered Level 4 of the Swamp
 47405 | Swamp:4  | Noticed the 27-headed Lernaean hydra
 47746 | Swamp:4  | Killed the 27-headed Lernaean hydra
 47746 | Swamp:4  | Reached XP level 18. HP: 117/117 MP: 23/35
 48177 | Swamp:4  | Got a decaying rune of Zot
 48207 | Swamp:4  | Reached ****** piety under Vehumet
 48599 | Spider:1 | Entered Level 1 of the Spider Nest
 48624 | Spider:1 | Offered knowledge of Orb of Destruction by Vehumet.
 48835 | Spider:1 | Noticed Agnes
 48839 | Spider:1 | Killed Agnes
 49098 | Spider:1 | Identified the ring "Ececk" {+Inv +Fly rF+++ Str-5 Int+6} (You found it on level 1 of the Spider Nest)
 49963 | Spider:2 | Learned a level 7 spell: Orb of Destruction
 50502 | Spider:2 | You fall through a shaft!
 50506 | Spider:3 | Paralysed by a hornet for 1 turns
 50886 | Spider:3 | Offered knowledge of Lehudib's Crystal Spear by Vehumet.
 50886 | Spider:3 | Offered knowledge of Fire Storm by Vehumet.
 50886 | Spider:3 | Offered knowledge of Chain Lightning by Vehumet.
 51823 | Spider:3 | Reached skill level 15 in Spellcasting
 51905 | Spider:4 | Entered Level 4 of the Spider Nest
 52634 | Vaults:1 | Entered Level 1 of the Vaults
 52657 | Vaults:1 | Reached XP level 19. HP: 124/124 MP: 38/38
 53175 | Vaults:1 | Identified the +9 hand crossbow "Huyb" {flame, rF+ rC+ Int-5 Dex+3} (You found it on level 1 of the Vaults)
 53341 | Vaults:1 | Found Ohikufyfao's Food Emporium.
 54218 | Vaults:1 | Reached skill level 10 in Fighting
 56747 | Vaults:2 | Reached XP level 20. HP: 132/132 MP: 39/39
 56962 | Vaults:2 | Found a staircase to the Crypt.
 60043 | Vaults:3 | Reached XP level 21. HP: 137/137 MP: 35/41
 61042 | Vaults:4 | Found Towunilo's Book Shoppe.
 61324 | Vaults:4 | Noticed Boris
 61329 | Vaults:4 | Killed Boris
 61840 | Vaults:4 | Identified Sif Muna's Guide on Cloudy Creation
 63979 | Depths:1 | Entered Level 1 of the Depths
 63990 | Depths:1 | Reached XP level 22. HP: 144/144 MP: 27/42
 64010 | D:15     | Learned a level 9 spell: Fire Storm
 64605 | Elf:2    | Found a runed gate.
 64605 | Elf:2    | Found a runed gate.
 64608 | Elf:2    | Found a runed gate.
 65810 | Elf:3    | Entered Level 3 of the Elven Halls
 66503 | Elf:3    | Found Jawnek's Distillery.
 66854 | Elf:3    | Reached skill level 10 in Dodging
 66854 | Elf:3    | Reached XP level 23. HP: 150/150 MP: 44/44
 66918 | Elf:3    | Identified the ring of the Illusory Nights {*Tele Int+4} (You found it on level 3 of the Elven Halls)
 67047 | Elf:3    | Identified the ring of Scepticism {MR+ Int+3} (You took it off a deep elf annihilator on level 3 of the Elven Halls)
 67672 | Spider:4 | Reached skill level 5 in Stealth
 67800 | Spider:4 | Noticed Arachne
 67801 | Spider:4 | Killed Arachne
 67803 | Spider:4 | Reached skill level 10 in Stealth
 67954 | Spider:4 | Got a gossamer rune of Zot
 68030 | Spider:4 | Noticed Asterion
 68032 | Spider:4 | Killed Asterion
 68032 | Spider:4 | Reached skill level 15 in Stealth
 68863 | Depths:1 | Found a gateway to a ziggurat.
 68893 | Depths:1 | Found Ezacw's Book Shop.
 68983 | Depths:1 | Found a gateway to Hell.
 69049 | Hell     | Entered the Vestibule of Hell
 69049 | Hell     | Noticed Geryon
 69053 | Hell     | Noticed Murray
 69057 | Hell     | Killed Geryon
 69440 | Depths:1 | Found a corrupted altar of Lugonu.
 69441 | Depths:1 | Found a one-way gate to the infinite horrors of the Abyss.
 69586 | Depths:1 | Found Pysewk's Gadget Emporium.
 69586 | Depths:1 | Found Xohiybrim's Jewellery Boutique.
 69587 | Depths:1 | Found Baipiy's Gadget Emporium.
 69993 | Depths:2 | Reached XP level 24. HP: 158/158 MP: 44/44
 70241 | Depths:2 | Found a one-way gate leading to the halls of Pandemonium.
 70296 | Depths:2 | Noticed Jorgrun
 70297 | Depths:2 | Killed Jorgrun
 70761 | Depths:2 | Found Wiqen's Jewellery Shop.
 71847 | Depths:3 | Reached skill level 10 in Evocations
 71942 | Depths:4 | Noticed Louise
 71943 | Depths:4 | Killed Louise
 72101 | Depths:4 | Noticed Mara
 72800 | Lair:6   | Entered Level 6 of the Lair of Beasts
 74430 | Crypt:1  | Entered Level 1 of the Crypt
 74441 | Crypt:1  | Reached XP level 25. HP: 165/165 MP: 39/44
 75448 | Crypt:2  | Found a magical portal.
 75559 | WizLab   | Entered Iskenderun's Mystic Tower
 76171 | WizLab   | Identified Iskenderun's Guide on Conjuration
 76171 | WizLab   | Identified Iskenderun's Disquisition on Attacks
 77381 | Crypt:3  | Entered Level 3 of the Crypt
 77480 | Crypt:3  | Noticed Frederick
 77482 | Crypt:3  | Killed Frederick
 77580 | Crypt:3  | Found an ancient bone altar of Kikubaaqudgha.
 78582 | Crypt:3  | Reached XP level 26. HP: 173/173 MP: 45/45
 78619 | Crypt:3  | Found a staircase to the Tomb.
 78774 | Crypt:3  | Learned a level 5 spell: Irradiate
 78781 | Crypt:3  | Learned a level 6 spell: Statue Form
 78854 | Crypt:3  | Learned a level 6 spell: Deflect Missiles
 79556 | Hell     | Reached skill level 1 in Charms
 79869 | Depths:3 | Killed Mara
 80713 | Depths:4 | Found a runed door.
 80848 | Depths:4 | Found a burning altar of Makhleb.
 80863 | Depths:4 | Identified the Disquisition on Augmentations
 80886 | Depths:4 | Found a runed door.
 81296 | Depths:4 | Reached skill level 1 in Transmutations
 82640 | Depths:5 | Entered Level 5 of the Depths
 82669 | Depths:5 | Reached XP level 27. HP: 181/181 MP: 18/45
 83137 | Depths:5 | Found Liepsaq's Antique Weapon Boutique.
 83510 | Depths:5 | Found a runed door.
 83512 | Depths:5 | Found a runed door.
 83512 | Depths:5 | Found a runed door.
 83668 | Depths:5 | Found a runed door.
 83681 | Depths:5 | Found a runed door.
 83688 | Depths:5 | Found a runed door.
 84067 | Depths:5 | Found Muzer's Distillery.
 84276 | Depths:5 | Reached skill level 5 in Transmutations
 84363 | Depths:5 | Found a viscous altar of Jiyva.
 84500 | Depths:5 | Found Doptyh's Magic Scroll Shop.
 84830 | Depths:5 | Found Qayseg's Distillery.
 84962 | Depths:5 | Found Miepp's Book Boutique.
 85116 | Depths:5 | Found a gate to the Realm of Zot.
 85763 | Vaults:5 | Entered Level 5 of the Vaults
 86701 | Hell     | Killed Murray
 87202 | Hell     | Found a gateway to the Iron City of Dis.
 87284 | Hell     | Found a gateway to the freezing wastes of Cocytus.
 87375 | Hell     | Found a gateway to the decaying netherworld of Tartarus.
 87406 | Hell     | Found a gateway to the ashen valley of Gehenna.
 88101 | Slime:1  | Entered Level 1 of the Pits of Slime
 91045 | Slime:5  | Entered Level 5 of the Pits of Slime
 91080 | Slime:5  | Noticed the Royal Jelly
 91353 | Slime:5  | Found a viscous altar of Jiyva.
 91436 | Slime:5  | Reached skill level 15 in Fighting
 91665 | Slime:5  | Killed the Royal Jelly
 91800 | Slime:5  | Got a slimy rune of Zot
 91813 | Slime:5  | Identified the Handbook of Unstable Ignition
 92615 | Zot:1    | Entered Level 1 of the Realm of Zot
 93442 | Zot:1    | Reached skill level 15 in Dodging
 94470 | Zot:2    | Reached skill level 15 in Evocations
 94852 | Zot:2    | Identified the Incunabulum of Snow
 95464 | Zot:2    | Learned a level 1 spell: Apportation
 97775 | Zot:4    | Noticed an orb of fire
 97780 | Zot:4    | Gained mutation: Your magical capacity is low. (-10% MP) [an orb of fire]
 97784 | Zot:4    | Killed an orb of fire
 98958 | Vaults:5 | Identified the ring of Democracy {rElec rF++ rC+ SInv Stlth-} (You found it on level 5 of the Vaults)
 99167 | Vaults:5 | Found Vedad's Gadget Boutique.
 99562 | Vaults:5 | Identified the Collected Works on the Voyage and Enhancements
 99569 | Vaults:5 | Got a silver rune of Zot
100586 | Zig:1    | Entered Level 1 of a ziggurat
100696 | Zig:2    | Entered Level 2 of a ziggurat
100943 | Zig:3    | Entered Level 3 of a ziggurat
101014 | Zig:4    | Entered Level 4 of a ziggurat
101110 | Zig:4    | Gained mutation: You are highly resistant to hostile enchantments. (MR++) [potion of beneficial mutation]
101127 | Zig:5    | Entered Level 5 of a ziggurat
101143 | Zig:5    | Gained mutation: Your muscles are strong. (Str +2) [potion of beneficial mutation]
101144 | Zig:5    | Identified the Volume of Congealing Dark Magic
101147 | Zig:5    | Got a ring of the Octopus King
101148 | Zig:5    | Identified a ring of the Octopus King {MP+9 AC+1 EV+1 Str+1 Int+1 Dex+1} (You found it on level 5 of a ziggurat)
101151 | Zig:5    | Identified the ring "Fixa" {rElec Int-3 Dex+2 Slay+3 Stlth+} (You found it on level 5 of a ziggurat)
101171 | Zig:6    | Entered Level 6 of a ziggurat
101176 | Zig:6    | Noticed a greater mummy
101177 | Zig:6    | Killed a greater mummy
101274 | Zig:6    | Gained mutation: You can translocate small distances at will. [potion of beneficial mutation]
101293 | Zig:7    | Entered Level 7 of a ziggurat
101344 | Zig:8    | Entered Level 8 of a ziggurat
101369 | Zig:8    | Identified the Reference Book on the Frostbite
101374 | Zig:8    | Identified the ring of the Tick {Slay+2 Stlth-} (You found it on level 8 of a ziggurat)
101387 | Zig:9    | Entered Level 9 of a ziggurat
101393 | Zig:9    | Reached skill level 27 in Conjurations
101441 | Zig:9    | Identified the ring "Izihos" {rC+ Int+4 SInv} (You found it on level 9 of a ziggurat)
101487 | Zig:10   | Entered Level 10 of a ziggurat
101547 | Zig:10   | Identified Neuho's Reference Book on Scorching Transmutation
101582 | Zig:11   | Entered Level 11 of a ziggurat
101590 | Zig:11   | Noticed a juggernaut
101590 | Zig:11   | Noticed a juggernaut
101593 | Zig:11   | Killed a juggernaut
101593 | Zig:11   | Killed a juggernaut
101612 | Zig:11   | Got a translucent buckler
101623 | Zig:11   | Identified the +0 buckler of the Guardian {+Fly rF++} (You acquired it on level 11 of a ziggurat)
101686 | Zig:12   | Entered Level 12 of a ziggurat
101693 | Zig:12   | Noticed Yroish the pandemonium lord
101694 | Zig:12   | Killed Yroish the pandemonium lord
101696 | Zig:12   | Noticed Waraeq the pandemonium lord
101698 | Zig:12   | Killed Waraeq the pandemonium lord
101899 | Zig:13   | Entered Level 13 of a ziggurat
101909 | Zig:13   | Noticed Puphutui the pandemonium lord
101911 | Zig:13   | Reached skill level 27 in Fire Magic
101915 | Zig:13   | Killed Puphutui the pandemonium lord
102172 | Zig:13   | Identified the Disquisition on Conjuration
102174 | Zig:13   | Gained mutation: You have a pair of small antennae on your head. [potion of beneficial mutation]
102217 | Zig:14   | Entered Level 14 of a ziggurat
102326 | Zig:14   | Identified a +8 rod of shadows (10/10) (You found it on level 14 of a ziggurat)
102337 | Zig:14   | Identified the ring of Panentheism {+Inv rC+ Str+3 Int+3} (You found it on level 14 of a ziggurat)
102389 | Zig:15   | Entered Level 15 of a ziggurat
102446 | Zig:15   | Gained mutation: You are somewhat resistant to further mutation. [potion of beneficial mutation]
102518 | Zig:16   | Entered Level 16 of a ziggurat
102534 | Zig:16   | Noticed an ancient lich
102536 | Zig:16   | Noticed an ancient lich
102542 | Zig:16   | Killed an ancient lich
102544 | Zig:16   | Killed an ancient lich
102647 | Zig:16   | Identified the ring "Piarupho" {rC+ MR+ Str-2 Int+3 Stlth-} (You found it on level 16 of a ziggurat)
102649 | Zig:16   | Identified the amulet "Fijoiloh" {Harm *Drain +Blink} (You found it on level 16 of a ziggurat)
102671 | Zig:16   | Learned a level 9 spell: Shatter
102769 | Zig:17   | Entered Level 17 of a ziggurat
102780 | Zig:17   | Reached skill level 1 in Earth Magic
102932 | Zig:17   | Learned a level 8 spell: Controlled Blink
102960 | Zig:17   | Identified the amulet "Sasy" {Regen+ Str+5 Int+3 Slay-6 Stlth+} (You found it on level 17 of a ziggurat)
103038 | Zig:18   | Entered Level 18 of a ziggurat
103093 | Zig:18   | Reached skill level 5 in Earth Magic
103170 | Zig:18   | Identified Jurgh's Papyrus of the Unholy Arsonist
103177 | Zig:18   | Identified the ring "Puoh" {rF- rC- rN+ Str+9 Dex+8} (You found it on level 18 of a ziggurat)
103179 | Zig:18   | Identified the amulet of Xom's Fair Game {Faith MP+9} (You found it on level 18 of a ziggurat)
103193 | Zig:18   | Identified the amulet "Laha" {Reflect rPois Int+3 Dex+2 SH+3} (You found it on level 18 of a ziggurat)
103273 | Zig:19   | Entered Level 19 of a ziggurat
103302 | Zig:19   | Noticed Xunnukh the pandemonium lord
103303 | Zig:19   | Killed Xunnukh the pandemonium lord
103695 | Zig:19   | Identified the ring of Tiagg {rF- MR+ Str-5 Dex+6 Stlth-} (You found it on level 19 of a ziggurat)
103696 | Zig:19   | Identified the Handbook of Creation and Stones
103699 | Zig:19   | Identified the Reference Book on Confrontation and Ice
103756 | Zig:20   | Entered Level 20 of a ziggurat
103797 | Zig:20   | Reached skill level 10 in Translocations
103797 | Zig:20   | Reached skill level 10 in Earth Magic
104040 | Zig:21   | Entered Level 21 of a ziggurat
104058 | Zig:21   | Noticed an ancient lich
104058 | Zig:21   | Noticed an ancient lich
104060 | Zig:21   | Killed an ancient lich
104060 | Zig:21   | Killed an ancient lich
104070 | Zig:21   | Noticed an ancient lich
104072 | Zig:21   | Killed an ancient lich
104159 | Zig:21   | Identified a +6 rod of shadows (13/13) (You found it on level 21 of a ziggurat)
104175 | Zig:21   | Identified the Volume of Confrontation and Earth
104267 | Zig:22   | Entered Level 22 of a ziggurat
104296 | Zig:22   | Killed an ancient lich
104346 | Zig:22   | Identified the Collected Works on Destructive Feathers
104348 | Zig:22   | Identified the ring "Umonom" {EV+1 Str+5} (You found it on level 22 of a ziggurat)
104355 | Zig:22   | Identified the ring "Dieluf" {MP+9 Int+5} (You found it on level 22 of a ziggurat)
104363 | Zig:22   | Identified the ring of Peole {Ice *Corrode rElec Dex+8 SInv} (You found it on level 22 of a ziggurat)
104374 | Zig:22   | Identified the amulet "Gosaih" {Spirit +Inv rElec Str+4 Dex-2} (You found it on level 22 of a ziggurat)
104469 | Zig:23   | Entered Level 23 of a ziggurat
104478 | Zig:23   | Noticed a greater mummy
104479 | Zig:23   | Noticed a greater mummy
104479 | Zig:23   | Noticed a greater mummy
104482 | Zig:23   | Noticed a greater mummy
104484 | Zig:23   | Killed a greater mummy
104484 | Zig:23   | Killed a greater mummy
104484 | Zig:23   | Killed a greater mummy
104486 | Zig:23   | Killed a greater mummy
104494 | Zig:23   | Noticed a greater mummy
104495 | Zig:23   | Killed a greater mummy
104516 | Zig:23   | Noticed a greater mummy
104516 | Zig:23   | Noticed a greater mummy
104519 | Zig:23   | Noticed a greater mummy
104519 | Zig:23   | Killed a greater mummy
104520 | Zig:23   | Killed a greater mummy
104520 | Zig:23   | Killed a greater mummy
104522 | Zig:23   | Noticed a greater mummy
104522 | Zig:23   | Noticed a greater mummy
104526 | Zig:23   | Killed a greater mummy
104526 | Zig:23   | Reached skill level 15 in Earth Magic
104530 | Zig:23   | Killed a greater mummy
104822 | Zig:23   | Identified the amulet of Xelod {RegenMP rF+ rC++ Str+5} (You found it on level 23 of a ziggurat)
104920 | Zig:24   | Entered Level 24 of a ziggurat
104976 | Zig:24   | Killed Apsed the pandemonium lord
105247 | Zig:24   | Identified the Disquisition on Companions and Combat Magic
105249 | Zig:24   | Identified the ring of Paunluh {rElec SInv} (You found it on level 24 of a ziggurat)
105525 | Zig:25   | Entered Level 25 of a ziggurat
105670 | Zig:25   | Got a brightly glowing hat
105676 | Zig:25   | Identified the +1 hat of Synchronized Stabbing {+Blink rPois MP+9 Str-3} (You acquired it on level 25 of a ziggurat)
105699 | Zig:25   | Identified the Incunabulum of Gliding Malediction
105705 | Zig:25   | Identified the amulet "Xeruefi" {Gourm rPois rC- rN++ SInv} (You found it on level 25 of a ziggurat)
105759 | Zig:26   | Entered Level 26 of a ziggurat
105775 | Zig:26   | Noticed a juggernaut
105780 | Zig:26   | Noticed a juggernaut
105780 | Zig:26   | Killed a juggernaut
105781 | Zig:26   | Noticed a juggernaut
105781 | Zig:26   | Noticed a juggernaut
105781 | Zig:26   | Killed a juggernaut
105782 | Zig:26   | Noticed a juggernaut
105782 | Zig:26   | Noticed a juggernaut
105782 | Zig:26   | Killed a juggernaut
105784 | Zig:26   | Killed a juggernaut
105785 | Zig:26   | Killed a juggernaut
105786 | Zig:26   | Killed a juggernaut
106042 | Zig:26   | Identified the ring of Okawaru's Approval {Dex+5 Stlth+} (You found it on level 26 of a ziggurat)
106051 | Zig:26   | Identified the amulet "Weoseopa" {Inacc Dex+3} (You found it on level 26 of a ziggurat)
106052 | Zig:26   | Identified Duepix's Catalogue of Summoning and Arcane Weapons
106065 | Zig:26   | Identified a +8 rod of clouds (11/11) (You found it on level 26 of a ziggurat)
106072 | Zig:26   | Identified a +4 rod of shadows (11/11) (You found it on level 26 of a ziggurat)
106075 | Zig:26   | Got a scintillating copper ring
106076 | Zig:26   | Identified the ring of Greater Demons {rC+ Stlth-} (You found it on level 26 of a ziggurat)
106203 | Zig:27   | Entered Level 27 of a ziggurat
106213 | Zig:27   | Noticed Vusin the pandemonium lord
106215 | Zig:27   | Noticed Cupnoz the pandemonium lord
106215 | Zig:27   | Noticed Quumoj the pandemonium lord
106216 | Zig:27   | Noticed Xier the pandemonium lord
106217 | Zig:27   | Noticed Jiofrula the pandemonium lord
106217 | Zig:27   | Noticed Fiwk the pandemonium lord
106218 | Zig:27   | Noticed Iczyem the pandemonium lord
106218 | Zig:27   | Noticed Qasalam the pandemonium lord
106219 | Zig:27   | Noticed Ynta the pandemonium lord
106219 | Zig:27   | Noticed Xefaghoing the pandemonium lord
106219 | Zig:27   | Noticed Nemur the pandemonium lord
106222 | Zig:27   | Killed Quumoj the pandemonium lord
106222 | Zig:27   | Killed Fiwk the pandemonium lord
106223 | Zig:27   | Noticed Gumuh the pandemonium lord
106224 | Zig:27   | Killed Xier the pandemonium lord
106224 | Zig:27   | Killed Qasalam the pandemonium lord
106224 | Zig:27   | Killed Nemur the pandemonium lord
106224 | Zig:27   | Killed Jiofrula the pandemonium lord
106224 | Zig:27   | Noticed Onu Tifa the pandemonium lord
106225 | Zig:27   | Noticed Gagopsos the pandemonium lord
106226 | Zig:27   | Noticed Peri the pandemonium lord
106226 | Zig:27   | Noticed Bolar the pandemonium lord
106226 | Zig:27   | Noticed Ceqer the pandemonium lord
106226 | Zig:27   | Noticed Paxoukao the pandemonium lord
106226 | Zig:27   | Noticed Asigrusa the pandemonium lord
106226 | Zig:27   | Noticed Ceivulow the pandemonium lord
106226 | Zig:27   | Noticed Eqyirus the pandemonium lord
106227 | Zig:27   | Killed Iczyem the pandemonium lord
106228 | Zig:27   | Killed Gumuh the pandemonium lord
106228 | Zig:27   | Killed Vusin the pandemonium lord
106230 | Zig:27   | Killed Peri the pandemonium lord
106232 | Zig:27   | Killed Eqyirus the pandemonium lord
106232 | Zig:27   | Killed Cupnoz the pandemonium lord
106232 | Zig:27   | Killed Xefaghoing the pandemonium lord
106232 | Zig:27   | Killed Gagopsos the pandemonium lord
106233 | Zig:27   | Killed Onu Tifa the pandemonium lord
106234 | Zig:27   | Killed Paxoukao the pandemonium lord
106234 | Zig:27   | Killed Bolar the pandemonium lord
106235 | Zig:27   | Killed Asigrusa the pandemonium lord
106236 | Zig:27   | Killed Ynta the pandemonium lord
106238 | Zig:27   | Gained mutation: You are frail. (-10% HP) [mutagenic glow]
106239 | Zig:27   | Killed Ceivulow the pandemonium lord
106241 | Zig:27   | Killed Ceqer the pandemonium lord
106489 | Zig:27   | Identified the Compendium of Transmigration
106567 | Zig:27   | Lost mutation: You are clumsy. (Dex -2) [potion of cure mutation]
106567 | Zig:27   | Lost mutation: You are highly resistant to hostile enchantments. (MR++) [potion of cure mutation]
106567 | Zig:27   | Lost mutation: You are frail. (-10% HP) [potion of cure mutation]
106567 | Zig:27   | Lost mutation: Your mind is very acute. (Int +4) [potion of cure mutation]
107172 | Depths:1 | Voluntarily entered the Abyss.
107522 | Abyss:1  | Found a corrupted altar of Lugonu.
107753 | Abyss:1  | Found a corrupted altar of Lugonu.
107773 | Abyss:1  | Found a corrupted altar of Lugonu.
107843 | Abyss:1  | Found a corrupted altar of Lugonu.
108633 | Abyss:3  | Found a corrupted altar of Lugonu.
109001 | Abyss:5  | Entered Level 5 of the Abyss
109210 | Depths:1 | Escaped the Abyss
109562 | Coc:1    | Entered Level 1 of Cocytus
110647 | Hell     | Learned a level 9 spell: Glaciate
110695 | Coc:2    | Reached skill level 1 in Ice Magic
111045 | Coc:2    | Reached skill level 5 in Ice Magic
112513 | Coc:3    | Reached skill level 10 in Shields
113208 | Coc:3    | Lost mutation: You are resistant to hostile enchantments. (MR+) [mutagenic glow]
117656 | Coc:6    | Reached skill level 5 in Air Magic
117840 | Coc:7    | Entered Level 7 of Cocytus
117872 | Coc:7    | Reached skill level 27 in Fighting
118506 | Coc:7    | Reached skill level 10 in Ice Magic
118572 | Coc:7    | Noticed Antaeus
118581 | Coc:7    | Killed Antaeus
118689 | Coc:7    | Got an icy rune of Zot
118802 | Coc:7    | Lost mutation: Your mind is acute. (Int +2) [mutagenic glow]
118940 | Coc:7    | Identified the ring of Ziycoxty {rCorr *Slow rN+ Int+3 SInv} (You found it on level 7 of Cocytus)
119126 | Zig:1    | Entered Level 1 of a ziggurat
119151 | Zig:2    | Entered Level 2 of a ziggurat
119171 | Zig:3    | Entered Level 3 of a ziggurat
119189 | Zig:3    | Got a twitching brass amulet
119198 | Zig:4    | Entered Level 4 of a ziggurat
119230 | Zig:5    | Entered Level 5 of a ziggurat
119269 | Zig:5    | Identified the amulet of Vitagiotz {Harm *Drain rC+ Int+6} (You found it on level 3 of a ziggurat)
119305 | Zig:6    | Entered Level 6 of a ziggurat
119368 | Zig:7    | Entered Level 7 of a ziggurat
119419 | Zig:8    | Entered Level 8 of a ziggurat
119428 | Zig:8    | Noticed Wuczaxko the pandemonium lord
119433 | Zig:8    | Killed Wuczaxko the pandemonium lord
119476 | Zig:9    | Entered Level 9 of a ziggurat
119508 | Zig:9    | Identified the Compendium of the Pure Tales
119550 | Zig:10   | Entered Level 10 of a ziggurat
119633 | Zig:11   | Entered Level 11 of a ziggurat
119678 | Zig:11   | Identified the Catalogue of Torrid Feathers
119790 | Zig:12   | Entered Level 12 of a ziggurat
119796 | Zig:12   | Noticed Kaishin's ghost (legendary DgIE)
119797 | Zig:12   | Noticed a greater mummy
119800 | Zig:12   | Noticed a greater mummy
119800 | Zig:12   | Killed a greater mummy
119801 | Zig:12   | Noticed a greater mummy
119801 | Zig:12   | Noticed a greater mummy
119802 | Zig:12   | Killed a greater mummy
119803 | Zig:12   | Killed a greater mummy
119804 | Zig:12   | Killed a greater mummy
119805 | Zig:12   | Noticed a greater mummy
119808 | Zig:12   | Killed a greater mummy
119813 | Zig:12   | Killed Kaishin's ghost
119904 | Zig:12   | Identified the Handbook of Supportive Flight
119915 | Zig:12   | Got a pitted marble ring
119917 | Zig:12   | Identified the ring of Irukuly {rCorr +Inv +Fly Str+8 Int-2} (You found it on level 12 of a ziggurat)
119955 | Zig:13   | Entered Level 13 of a ziggurat
119970 | Zig:13   | Reached skill level 15 in Ice Magic
120154 | Zig:14   | Entered Level 14 of a ziggurat
120307 | Zig:14   | Identified the amulet of Xom's Sleight of Hands {Spirit Int+2 Dex+4} (You found it on level 14 of a ziggurat)
120342 | Zig:15   | Entered Level 15 of a ziggurat
120394 | Zig:15   | Identified Xexah's Disquisition on Virous Damage Dealing
120453 | Zig:16   | Entered Level 16 of a ziggurat
120465 | Zig:16   | Noticed an ancient lich
120467 | Zig:16   | Noticed an ancient lich
120467 | Zig:16   | Killed an ancient lich
120468 | Zig:16   | Killed an ancient lich
120558 | Zig:16   | Identified the ring "Vuzxinte" {rCorr rElec rN+} (You found it on level 16 of a ziggurat)
120570 | Zig:16   | Got a twisted hat
120576 | Zig:16   | Identified the +1 hat of Avvocw {rN+ Str+6 Int-3 Stlth+} (You acquired it on level 16 of a ziggurat)
120640 | Zig:17   | Entered Level 17 of a ziggurat
120681 | Zig:17   | Killed an ancient lich
120914 | Zig:17   | Identified Suf Lell's Grimoire of Doomed Cold
120944 | Zig:17   | Identified the cursed +0 buckler of Salvation {rPois Int+2 Dex+2} (You found it on level 17 of a ziggurat)
120994 | Zig:18   | Entered Level 18 of a ziggurat
121041 | Zig:18   | Reached skill level 15 in Shields
121104 | Zig:19   | Entered Level 19 of a ziggurat
121114 | Zig:19   | Noticed Qeuzoshru the pandemonium lord
121118 | Zig:19   | Noticed Wiuselerph the pandemonium lord
121118 | Zig:19   | Killed Qeuzoshru the pandemonium lord
121121 | Zig:19   | Noticed Esocsin the pandemonium lord
121122 | Zig:19   | Killed Esocsin the pandemonium lord
121123 | Zig:19   | Noticed Jazon the pandemonium lord
121123 | Zig:19   | Killed Wiuselerph the pandemonium lord
121124 | Zig:19   | Noticed Isao the pandemonium lord
121126 | Zig:19   | Noticed Nivihom the pandemonium lord
121126 | Zig:19   | Killed Jazon the pandemonium lord
121127 | Zig:19   | Killed Nivihom the pandemonium lord
121128 | Zig:19   | Noticed Wymuah the pandemonium lord
121128 | Zig:19   | Noticed Naitis the pandemonium lord
121130 | Zig:19   | Gained mutation: You are dopey. (Int -2) [a cacodemon]
121132 | Zig:19   | Killed Isao the pandemonium lord
121132 | Zig:19   | Killed Wymuah the pandemonium lord
121145 | Zig:19   | Killed Naitis the pandemonium lord
121145 | Zig:19   | Reached skill level 27 in Spellcasting
121167 | Zig:19   | Identified the ring of Riyqay {rC++ Int+3 Dex+2} (You found it on level 19 of a ziggurat)
121239 | Zig:20   | Entered Level 20 of a ziggurat
121444 | Zig:20   | Identified the ring of Suicidal Tendencies {+Fly Dex+3 Slay+3} (You found it on level 20 of a ziggurat)
121454 | Zig:20   | Identified the Incunabulum of Orientation and Venom
121509 | Zig:21   | Entered Level 21 of a ziggurat
121597 | Zig:21   | Lost mutation: You can translocate small distances at will. [potion of cure mutation]
121597 | Zig:21   | Lost mutation: Your magical capacity is low. (-10% MP) [potion of cure mutation]
121597 | Zig:21   | Lost mutation: You are somewhat resistant to further mutation. [potion of cure mutation]
121597 | Zig:21   | Lost mutation: Your muscles are strong. (Str +2) [potion of cure mutation]
121597 | Zig:21   | Lost mutation: One of your tentacles bears a spike. [potion of cure mutation]
121598 | Zig:21   | Lost mutation: You have a pair of small antennae on your head. [potion of cure mutation]
121598 | Zig:21   | Lost mutation: You are dopey. (Int -2) [potion of cure mutation]
121782 | Zig:22   | Entered Level 22 of a ziggurat
121800 | Zig:22   | Noticed a juggernaut
121803 | Zig:22   | Noticed a juggernaut
121804 | Zig:22   | Killed a juggernaut
121805 | Zig:22   | Killed a juggernaut
121847 | Zig:22   | Identified the Compendium of Calling
121971 | Zig:23   | Entered Level 23 of a ziggurat
122273 | Zig:24   | Entered Level 24 of a ziggurat
122366 | Zig:24   | Learned a level 8 spell: Lehudib's Crystal Spear
122377 | Zig:24   | Identified the Volume of Fiery Ice
122379 | Zig:24   | Identified Sif Muna's Compendium of Assistive Shape Shifting
122498 | Zig:25   | Entered Level 25 of a ziggurat
122523 | Zig:25   | Reached skill level 27 in Evocations
122636 | Zig:25   | Identified the ring "Alimao" {Wiz rN+ Dex+4} (You found it on level 25 of a ziggurat)
122655 | Zig:25   | Identified Sif Muna's Almanac of Flames and the Birds
122757 | Zig:26   | Entered Level 26 of a ziggurat
123046 | Zig:26   | Identified the Incunabulum of the Voyage and Protection
123101 | Zig:26   | Gained mutation: You have very sharp teeth. [potion of beneficial mutation]
123109 | Zig:26   | Identified the ring of Ovuohil {rCorr rElec rF+ rC+ Str-2 SInv} (You found it on level 26 of a ziggurat)
123146 | Zig:27   | Entered Level 27 of a ziggurat
123166 | Zig:27   | Noticed a juggernaut
123168 | Zig:27   | Killed a juggernaut
123170 | Zig:27   | Noticed a juggernaut
123172 | Zig:27   | Killed a juggernaut
123173 | Zig:27   | Noticed a juggernaut
123179 | Zig:27   | Killed a juggernaut
123206 | Zig:27   | Identified the Compendium of Burning Transformation
123527 | Geh:1    | Entered Level 1 of Gehenna
123540 | Geh:1    | Reached skill level 27 in Earth Magic
123718 | Zig:1    | Entered Level 1 of a ziggurat
123790 | Zig:2    | Entered Level 2 of a ziggurat
123894 | Zig:3    | Entered Level 3 of a ziggurat
123928 | Zig:4    | Entered Level 4 of a ziggurat
124053 | Zig:5    | Entered Level 5 of a ziggurat
124073 | Zig:5    | Got a glittering ivory ring
124112 | Zig:5    | Identified the ring "Harirphepn" {+Fly MR+ Dex+2} (You found it on level 5 of a ziggurat)
124114 | Zig:6    | Entered Level 6 of a ziggurat
124171 | Zig:7    | Entered Level 7 of a ziggurat
124229 | Zig:8    | Entered Level 8 of a ziggurat
124233 | Zig:8    | Reached skill level 27 in Ice Magic
124236 | Zig:8    | Reached skill level 1 in Staves
124332 | Zig:9    | Entered Level 9 of a ziggurat
124339 | Zig:9    | Reached skill level 5 in Staves
124381 | Zig:9    | Identified the ring "Xemittue" {rF+ Stlth+} (You found it on level 9 of a ziggurat)
124426 | Zig:10   | Entered Level 10 of a ziggurat
124436 | Zig:10   | Noticed Suunigy the pandemonium lord
124441 | Zig:10   | Killed Suunigy the pandemonium lord
124650 | Zig:11   | Entered Level 11 of a ziggurat
124658 | Zig:11   | Noticed a juggernaut
124659 | Zig:11   | Noticed a juggernaut
124659 | Zig:11   | Noticed a juggernaut
124660 | Zig:11   | Reached skill level 10 in Staves
124660 | Zig:11   | Killed a juggernaut
124661 | Zig:11   | Killed a juggernaut
124661 | Zig:11   | Killed a juggernaut
124820 | Zig:11   | Identified Hosio's Disquisition on Transformation
124885 | Zig:12   | Entered Level 12 of a ziggurat
124977 | Zig:12   | Identified the ring "Rat Yjal" {rPois MP+9 Str+4 Int-3 Dex+6} (You found it on level 12 of a ziggurat)
124983 | Zig:12   | Identified the ring of Harmony {rF+++ MR- Str+4 Int+3 Slay+3} (You found it on level 12 of a ziggurat)
124985 | Zig:12   | Identified the ring of Conformity {rPois Str-3 Int+3 Dex+3 SInv} (You found it on level 12 of a ziggurat)
124991 | Zig:12   | Gained mutation: You are somewhat resistant to further mutation. [potion of beneficial mutation]
124998 | Zig:13   | Entered Level 13 of a ziggurat
125056 | Zig:13   | Identified the ring "Nefiff" {rPois MR- Str+3 Dex+4 Stlth-} (You found it on level 13 of a ziggurat)
125081 | Zig:14   | Entered Level 14 of a ziggurat
125087 | Zig:14   | Noticed a greater mummy
125087 | Zig:14   | Noticed a greater mummy
125088 | Zig:14   | Noticed a greater mummy
125089 | Zig:14   | Killed a greater mummy
125090 | Zig:14   | Noticed a greater mummy
125090 | Zig:14   | Noticed a greater mummy
125090 | Zig:14   | Killed a greater mummy
125091 | Zig:14   | Noticed a greater mummy
125091 | Zig:14   | Noticed a greater mummy
125091 | Zig:14   | Killed a greater mummy
125094 | Zig:14   | Killed a greater mummy
125096 | Zig:14   | Killed a greater mummy
125096 | Zig:14   | Killed a greater mummy
125097 | Zig:14   | Noticed a greater mummy
125100 | Zig:14   | Noticed a greater mummy
125101 | Zig:14   | Killed a greater mummy
125103 | Zig:14   | Killed a greater mummy
125109 | Zig:14   | Killed a greater mummy
125157 | Zig:14   | Identified the amulet "Gadiuqau" {Spirit +Blink rPois rF+ SInv} (You found it on level 14 of a ziggurat)
125159 | Zig:14   | Identified the Tome of Mutagenic Companions
125496 | Zig:15   | Entered Level 15 of a ziggurat
125508 | Zig:15   | Noticed an ancient lich
125508 | Zig:15   | Killed an ancient lich
125510 | Zig:15   | Noticed an ancient lich
125512 | Zig:15   | Noticed an ancient lich
125512 | Zig:15   | Killed an ancient lich
125513 | Zig:15   | Killed an ancient lich
125583 | Zig:15   | Identified the Papyrus of the Gastropod
125625 | Zig:15   | Identified the +2 quick blade of Bybash {pierce, rPois Str+2} (You found it on level 15 of a ziggurat)
125628 | Zig:16   | Entered Level 16 of a ziggurat
125632 | Zig:16   | Noticed a greater mummy
125634 | Zig:16   | Killed a greater mummy
125635 | Zig:16   | Noticed a greater mummy
125636 | Zig:16   | Noticed a greater mummy
125636 | Zig:16   | Noticed a greater mummy
125636 | Zig:16   | Noticed a greater mummy
125636 | Zig:16   | Noticed a greater mummy
125637 | Zig:16   | Killed a greater mummy
125638 | Zig:16   | Noticed a greater mummy
125638 | Zig:16   | Killed a greater mummy
125639 | Zig:16   | Killed a greater mummy
125639 | Zig:16   | Killed a greater mummy
125639 | Zig:16   | Killed a greater mummy
125640 | Zig:16   | Killed a greater mummy
125640 | Zig:16   | HP: 14/291 [??? (2)]
125641 | Zig:16   | Noticed a greater mummy
125647 | Zig:16   | Noticed a greater mummy
125648 | Zig:16   | Noticed a greater mummy
125648 | Zig:16   | Noticed a greater mummy
125648 | Zig:16   | HP: 11/291 [greater mummy/divine providence (17)]
125649 | Zig:16   | Killed from afar by a greater mummy

Vault maps used:
D:1:      tarquinn_simple_flora_water_b
D:2:      first_bread, kennysheep_cross_room, uniq_natasha
D:3:      nicolae_overflow_hidden_temple, nicolae_ru_great_annihilating_truth,
          serial_glass, glass_columns_a, glass_columns_a,
          minmay_strange_pillars, uniq_crazy_yiuf_cottage
D:4:      kennysheep_mini_moat, kennysheep_generic_room_3, uniq_menkaure,
          uniq_edmund, uniq_robin
D:5:      fiery_altar_vehumet, yredelemnul_altar_generic,
          nicolae_gozag_seed_capital, lemuel_crystal_altar, serial_shops, shop,
          minmay_door_square, st_stairs_8
D:6:      kennysheep_mini, nicolae_overflow_crystal_walls, nrook_mini_backslash,
          nemelex_lonely_heart_becter, uniq_grinder
D:8:      serial_curves, eino_curves_03, eino_curves_01, uniq_joseph,
          uniq_maurice
D:9:      lemuel_round_altar, basic_altar, grunt_livestock, minmay_fountain_box,
          corner_web_ring
D:10:     kennysheep_windowed_goal
D:11:     dpeg_oklobed_lair, basic_altar, minmay_item_behind_shaft,
          uniq_gastronok
D:12:     minmay_orc_entry_temple_small
D:13:     david_vaults_4, uniq_erolcha
D:14:     tso_metal_star, basic_altar
D:15:     grunt_enter_depths_hoard, fountainhead, lab_entry_generic,
          minivault_15, st_stairs_7
Temple:   minmay_temple_curvy_loop
Lair:1:   pond, lemuel_fruit_fields, uniq_prince_ribbit2
Lair:2:   minmay_guarded_unrand_snakebite, spider_nest_entry_funnel_web,
          basic_altar, cheibrodos_lair_lostbears
Lair:3:   patterned_corridor, uniq_urug
Lair:4:   swamp_mist_pool, portal_ice_cave_rime
Lair:5:   slime_altar_1, lemuel_fruit_tree, uniq_kirke
Lair:6:   minmay_lair_end_enchanted_forest
Swamp:1:  serial_swamp_ruin, evilmike_swamp_ruin_house_5,
          evilmike_swamp_ruin_house_1
Swamp:2:  evilmike_swamp_ruin_house_2, water_boxes_lemuel
Swamp:3:  cheibrodos_swamp_sealed, evilmike_swamp_ruin_rubble_1, swamp_pool1,
          cheibrodos_swamp_pet_leeches
Swamp:4:  swamp_basic_johnstein
Spider:1: uniq_agnes
Spider:2: nicolae_spider_cling_halls
Spider:3: spider_trap
Spider:4: johnstein_spider_rune_arachne_lair, uniq_asterion
Slime:3:  nicolae_slime_phagocytosis
Orc:1:    serial_shops, nicolae_shop_crystal, nicolae_orc_rockfall
Orc:2:    st_orc_pillars
Elf:1:    minmay_elf_arrival_plus, nicolae_trove_entry_columns,
          hangedman_elf_represent, nrook_uturn, uniq_roxanne
Elf:2:    minivault_16
Elf:3:    minmay_elf_hall_golems, serial_shops, shop
Vaults:1: v_misc_32, grunt_vaults_swirl, ontoclasm_vaults_ring_large,
          vaults_room_pool, v_alt_pattern_2, vaults_dpeg_cross,
          ontoclasm_vaults_loading_screen, nicolae_vaults_three_branches,
          hangedman_vaults_impose, ontoclasm_vaults_pinch, serial_shops,
          shop_statue
Vaults:2: hangedman_vaults_capsules, nicolae_vaults_specimen_jars,
          nicolae_vaults_asterisk, vaults_room_door_ring,
          nicolae_vaults_alarming, blue_anna_dwarven_crypt,
          grunt_vaults_diagonal, st_lattice
Vaults:3: hangedman_vaults_corner_blocks, nicolae_vaults_arrows,
          ontoclasm_vaults_ring_small, grunt_vaults_trifunnel, v_misc_11,
          st_star, vaults_room_fours, nicolae_vaults_network_quincunx,
          nicolae_vaults_back_hallway, v_misc_24, vaults_room_stairs_pillars,
          nicolae_vaults_mini_display_case, v_misc_19, vaults_dpeg_diagonal,
          nicolae_vaults_little_squares_4, vaults_room_pool
Vaults:4: ontoclasm_vaults_decontamination, v_misc_11, grunt_vaults_bifocal,
          st_cross, vaults_room_door_hall, grunt_vaults_focal, vaults_mumra_lcd,
          vaults_room_stairs_pillars, v_misc_9, v_misc_8, serial_shops,
          nicolae_shop_stone, uniq_boris
Vaults:5: serial_shops
Crypt:2:  lightli_enter_wizlab_magi_temple, minmay_misc_feat_rows
Crypt:3:  grunt_crypt_end_deaths_head, uniq_frederick
Depths:1: enter_ziggurat_b, serial_shops, shop, hangedman_coc_ice_floe,
          abyss_entry_flame_altar, corexii_hall_statues_t,
          serial_sigils_hangedman_quiver, grunt_tough_drop, minmay_shop_grove
Depths:2: minmay_triangles_in_corner, hangedman_abyss_entry_splay,
          grunt_pan_entry_in_and_out, hangedman_abyss_or_decor_stagger,
          serial_shops, nicolae_shop_crystal, hangedman_tar_grid_catacomb,
          hangedman_aviary, minmay_staircase_statues, uniq_jorgrun
Depths:3: abrahamwl_protected_by_tso_1, abyss_entry, hell_entry,
          rand_demon_pan_entry_4, minmay_misc_feat_iff,
          infiniplex_staircase_zigzag_2, serial_bayou_shore_b,
          serial_bayou_shore_a, serial_bayou_shore_b
Depths:4: evilmike_makhleb_hellhole, nicolae_abyss_entry_one_way_or_another,
          rand_demon_pan_entry_9, dk_noncrumbling_4, hell_entry,
          kennysheep_generic_room_6, uniq_mara
Depths:5: evilmike_zot_entry_castle, roderic_lattice_a, lightli_too_deep,
          abyss_entry, special_room, serial_shops,
          nicolae_shop_overgrown_old_shop, nicolae_shop_behind_doors,
          nicolae_shop_behind_doors, shop_fountains, shop
Coc:5:    grunt_deathspiral_small
Coc:7:    coc_dpeg
Zot:1:    grunt_megastairs_2
Zot:2:    st_large_dragon_hoard_2
Zot:4:    evilmike_ambush
Abyss:3:  hangedman_abyss_shoalhut
Abyss:4:  hangedman_abyss_or_decor_lesser_grid
Abyss:5:  minivault_22, dshaligram_kb_abyss_rune_zappy_water_cross,
          evilmike_abyss_exit_9, hangedman_abyss_or_decor_slice
Zig:9:    ziggurat_pillar_centre_oklobs
Zig:13:   ziggurat_pillar_centre_dead_trees
Zig:17:   ziggurat_pillar_centre_smoke
Zig:20:   ziggurat_pillar_centre_c
Zig:21:   ziggurat_pillar_centre_drop
Zig:26:   ziggurat_pillar_centre_more_plants
Lab:      nicolae_lab_dead_adventurers, nicolae_lab_grate, nicolae_lab_do_over,
          lab_hedge
IceCv:    ice_cave_tombish
WizLab:   wizlab_iskenderun

Skill      XL: |  1  2  3  4  5  6  7  8  9 10 11 12 13 14 15 16 17 18 19 20 21 22 23 24 25 26 27 |
---------------+----------------------------------------------------------------------------------+-----
Conjurations   | 2 3 4 6 7 8 10 11 12 13 14 15 16 17 18 19 20 21 22 23 27 | 27.0
Fire Magic     | 1 2 3 4 6 7 9 11 12 13 14 15 16 17 18 19 20 21 22 23 27 | 27.0
Spellcasting   | 4 5 6 7 8 9 12 13 15 16 17 18 27 | 27.0
Shields        | 3 5 23 | 23.2
Fighting       | 3 5 6 7 8 9 10 11 12 13 27 | 27.0
Air Magic      | 2 5 |  5.0
Dodging        | 3 5 6 7 8 9 10 11 12 13 26 | 26.2
Evocations     | 4 5 7 8 9 10 11 12 27 | 27.0
Stealth        | 17 26 | 26.7
Charms         | 3 |  3.0
Translocations | 3 14 | 14.0
Transmutations | 3 8 |  8.0
Earth Magic    | 27 | 27.0
Ice Magic      | 27 | 27.0
Staves         | 13 | 13.1
Summonings     | |  1.0

Action                   |  1- 3 |  4- 6 |  7- 9 | 10-12 | 13-15 | 16-18 | 19-21 | 22-24 | 25-27 || total
-------------------------+-------+-------+-------+-------+-------+-------+-------+-------+-------++-------
Melee: Dagger            |    70 |    44 |   108 |   222 |    66 |       |       |       |       ||   510
       Tentacles         |    13 |    12 |    12 |    42 |    75 |    14 |       |       |    15 ||   183
       Constrict         |    18 |    14 |    28 |    45 |    57 |    27 |       |     2 |     8 ||   199
       Spear             |       |    23 |    95 |       |       |       |       |       |       ||   118
       Kick              |       |       |    23 |    67 |   117 |    29 |       |       |    26 ||   262
       Whip              |       |       |       |       |   305 |    89 |       |       |       ||   394
       Staff             |       |       |       |       |       |     7 |     2 |     4 |    41 ||    54
 Fire: Hunting sling     |       |       |     7 |    37 |       |       |       |       |       ||    44
Throw: Throwing net      |       |     1 |       |       |       |       |       |       |       ||     1
       Tomahawk          |       |       |       |     9 |       |       |       |       |       ||     9
 Cast: Magic Dart        |    48 |   115 |   263 |   939 |    40 |    16 |       |       |       ||  1421
       Mephitic Cloud    |       |     5 |    13 |    22 |     1 |       |       |       |       ||    41
       Conjure Flame     |       |     3 |    15 |    69 |    28 |       |       |       |       ||   115
       Blink             |       |       |     2 |    22 |    13 |    10 |       |     4 |    80 ||   131
       Repel Missiles    |       |       |     1 |     2 |     4 |     1 |     1 |     2 |     2 ||    13
       Poisonous Cloud   |       |       |       |    14 |   120 |   142 |    81 |       |       ||   357
       Ignite Poison     |       |       |       |    14 |    82 |    54 |    35 |       |       ||   185
       Stone Arrow       |       |       |       |       |   168 |    52 |       |       |       ||   220
       Regeneration      |       |       |       |       |     9 |     6 |     9 |    10 |    65 ||    99
       Fireball          |       |       |       |       |    43 |   284 |   292 |    83 |    47 ||   749
       Delayed Fireball  |       |       |       |       |     7 |     4 |     1 |       |     4 ||    16
       Force Lance       |       |       |       |       |    16 |   191 |    53 |    52 |   223 ||   535
       Ozocubu's Armour  |       |       |       |       |     1 |     2 |     1 |     1 |     5 ||    10
       Orb of Destructio |       |       |       |       |       |     5 |   137 |    32 |   251 ||   425
       Spellforged Servi |       |       |       |       |       |     1 |       |       |     9 ||    10
       Swiftness         |       |       |       |       |       |       |     2 |       |       ||     2
       Fire Storm        |       |       |       |       |       |       |       |   300 |  1790 ||  2090
       Irradiate         |       |       |       |       |       |       |       |       |    12 ||    12
       Deflect Missiles  |       |       |       |       |       |       |       |       |    14 ||    14
       Shatter           |       |       |       |       |       |       |       |       |   401 ||   401
       Glaciate          |       |       |       |       |       |       |       |       |    26 ||    26
       Statue Form       |       |       |       |       |       |       |       |       |    23 ||    23
       Controlled Blink  |       |       |       |       |       |       |       |       |     9 ||     9
       Apportation       |       |       |       |       |       |       |       |       |     4 ||     4
 Abil: Release Delayed F |       |       |       |       |     6 |     4 |     1 |       |     1 ||    12
       Evoke Flight      |       |       |       |       |     1 |       |       |       |     7 ||     8
       Stop Flying       |       |       |       |       |       |       |       |       |     1 ||     1
       Evoke Invisibilit |       |       |       |       |       |       |       |       |     2 ||     2
       End Transformatio |       |       |       |       |       |       |       |       |     1 ||     1
Evoke: Wand              |       |       |     2 |    23 |    15 |       |       |       |     1 ||    41
       Rod               |       |       |       |       |     7 |       |       |       |       ||     7
       Staff of energy   |       |       |       |       |    22 |   244 |   124 |   406 |  1758 ||  2554
       Lamp of fire      |       |       |       |       |       |     1 |       |       |     2 ||     3
       Box of beasts     |       |       |       |       |       |       |       |       |     2 ||     2
       Figurine of a zig |       |       |       |       |       |       |       |       |     2 ||     2
       Fan of gales      |       |       |       |       |       |       |       |       |     1 ||     1
       Phial of floods   |       |       |       |       |       |       |       |       |     1 ||     1
  Use: Scroll            |       |       |    12 |     6 |    23 |    12 |     2 |    10 |    94 ||   159
       Potion            |       |       |     6 |     5 |     6 |     5 |       |     1 |    87 ||   110
 Stab: Confused          |       |     3 |     3 |     5 |       |       |       |       |       ||    11
       Sleeping          |       |     1 |     5 |     3 |     6 |     1 |       |       |       ||    16
       Distracted        |       |       |       |       |     3 |       |       |       |       ||     3
  Eat: Chunk             |     2 |     9 |    17 |    36 |    50 |    44 |    42 |    54 |   118 ||   372
       Beef jerky        |       |       |     1 |     1 |       |     4 |       |     1 |     7 ||    14
       Pizza             |       |       |       |     3 |     5 |     1 |     1 |       |     7 ||    17
       Royal jelly       |       |       |       |     1 |     1 |     1 |       |       |    24 ||    27
       Bread ration      |       |       |       |       |       |       |       |       |    19 ||    19
Armor: Skin              |    12 |     3 |    67 |    74 |    50 |    23 |     4 |     4 |   166 ||   403
Dodge: Dodged            |    66 |    25 |   105 |   168 |   248 |   132 |    74 |    31 |   682 ||  1531
       Deflected         |       |       |     3 |     7 |    19 |     4 |    21 |     8 |    82 ||   144
Block: Buckler           |       |       |    33 |   115 |   245 |   120 |    67 |    31 |   487 ||  1098
       Reflection        |       |       |       |       |    26 |     5 |    33 |    12 |    51 ||   127
